 Dungeon Crawl Stone Soup version 0.16.1 (webtiles) character file.

501772 Sixotanaka the Slayer (level 26, 0/191 HPs)
             Began as a Kobold Gladiator on Mar 24, 2015.
             Was the Champion of Ru.
             Killed from afar by a storm dragon (43 damage)
             ... with a bolt of lightning
             ... on level 5 of the Vaults on Mar 26, 2015.
             The game lasted 05:17:35 (78727 turns).

Sixotanaka the Slayer (Kobold Gladiator)           Turns: 78727, Time: 05:17:35

Health: 0/191      AC: 28    Str: 15    XL:     26   Next: 51%
Magic:  32/32      EV: 33    Int:  7    God:    Ru [******]
Gold:   3951       SH: 16    Dex: 24    Spells: 4 memorised, 17 levels left

rFire  . . .     SeeInvis +     a - +8 rapier (elec)
rCold  + . .     Rnd*Rage +     D - +6 mottled dragon armour
rNeg   . . .     SustAb   .     p - +2 shield {AC+3}
rPois  +         Gourm    .     j - +1 hat "Ziuded" {rC+ SInv}
rElec  .         Spirit   .     k - +1 cloak {rPois}
rCorr  .         Warding  .     c - +3 pair of gauntlets of War {Slay+5}
rMut   .         Stasis   .     n - +2 pair of boots {Fly}
MR     +....                    (no amulet)
Stlth  +++++++...               U - ring "Freug" {+Fly Int+4 Slay+3}
                                v - +3 ring of protection

@: no scrolls, flying, very slightly contaminated, slowed, repel missiles,
drained, very slow, somewhat resistant to hostile enchantments, extremely
stealthy
A: berserk 1, carnivore 3, clumsy 1, dopey 2, low mp 1, inability to read while
threatened, hated by all, inability to train armour, no hexes magic, no ice
magic, no summoning magic, disrupted magic 2
a: Draw Out Power, Power Leap, Apocalypse, Renounce Religion, Stop Flying
}: 2/15 runes: serpentine, barnacled


You were on level 5 of the Vaults.
You worshipped Ru.
Ru was exalted by your worship.
You were very full.

You visited 8 branches of the dungeon, and saw 48 of its levels.
You visited the Abyss 2 times.
You also visited: Trove and Volcano.

You collected 6480 gold pieces.
You spent 2497 gold pieces at shops.


Innate Abilities, Weirdness & Mutations

You are small and have problems with some larger weapons.
You are carnivorous and can eat meat at any time.
You are clumsy. (Dex -2)
You are very dopey. (Int -4)
Your magical capacity is low (-10% MP).
You cannot read scrolls while threatened.
You are hated by all.
You cannot train Armour skill.
You cannot study or cast Hexes magic.
You cannot study or cast Ice magic.
You cannot study or cast Summoning magic.
Your casting is disrupted.
You tend to lose your temper in combat.


   Skills:
 + Level 26.3(25.3) Fighting
 - Level 14.3(13.5) Short Blades
 - Level 16.3(15.4) Throwing
 - Level 19.7(18.8) Dodging
 - Level 16.7(15.8) Stealth
 - Level 13.6(12.7) Shields
 - Level 10.3(9.5) Charms
 - Level 10.6(9.8) Air Magic
 + Level 10.9(10.1) Evocations


You had 17 spell levels left.
You knew the following spells:

 Your Spells              Type           Power        Failure   Level  Hunger
a - Shroud of Golubria    Chrm/Tloc      #.........   52%         2    ###....
d - Repel Missiles        Chrm/Air       ##....       12%         2    ###....
e - Apportation           Tloc           #.........   99%         1    ##.....
g - Regeneration          Chrm/Necr      #.........   83%         3    ####...


Dungeon Overview and Level Annotations

Branches:
Dungeon (15/15)            Temple (1/1) D:5            Lair (8/8) D:10
 Shoals (5/5) Lair:3        Snake (5/5) Lair:4        Slime (0/6) Lair:8
    Orc (4/4) D:10            Elf (0/3) Orc:3        Vaults (5/5) D:14
  Crypt (0/3) Vaults:2     Depths (5/5) D:15            Zot (0/5) Depths:5

Altars:
Ashenzari
Cheibriados
Dithmenos
Elyvilon
Fedhas
Gozag
Kikubaaqudgha
Makhleb
Nemelex Xobeh
Okawaru
Qazlal
Ru
Trog
Vehumet
Xom
Yredelemnul
Zin
The Shining One

Shops:
D:6 *   D:11 %   D:12 [   D:14 (   Orc:2 }   Orc:3 *   Orc:4 (*(}   Snake:4 }
Vaults:2 *   Depths:2 :

Portals:
Hell: Depths:1 Depths:2 Depths:3 Depths:4 Depths:5
Abyss: Depths:1 Depths:3 Depths:4
Pandemonium: Depths:1 Depths:3
Ziggurat: Depths:3

Annotations:
D:4 1 exclusion
Lair:1 exclusion: downstairs
Lair:3 Gastronok
Snake:5 6 exclusions

Inventory:

Hand weapons
 a - a +8 rapier of electrocution (weapon)
   (You took it off Nikola on level 1 of the Snake Pit)
 F - the +6 rapier of Irchut {pierce, +Blink +Fly rC+ Str-3 Stlth+}
   (You found it on level 6 of the Dungeon)

   It inflicts extra damage upon your enemies.
   It affects your strength (-3).
   It protects you from cold.
   It lets you fly.
   It lets you blink.
   It makes you more stealthy.
 Y - a +2 quick blade of protection
   (You found it on level 3 of the Depths)
Missiles
 d - 13 throwing nets (quivered)
 r - 6 tomahawks of returning
 A - 14 tomahawks of dispersal {!f}
 J - 67 tomahawks
Armour
 c - the +3 pair of gauntlets of War (worn) {Slay+5}
   (You found it in a treasure trove)

   It affects your accuracy and damage with ranged weapons and melee attacks
   (+5).
 h - a +1 hat of magic resistance
   (You took it off an octopode crusher on level 5 of the Depths)
 j - the +1 hat "Ziuded" (worn) {rC+ SInv}
   (You found it in a treasure trove)

   It protects you from cold.
   It enhances your eyesight.
 k - a +1 cloak of poison resistance (worn)
   (You found it in a treasure trove)
 n - a +2 pair of boots of flying (worn)
   (You found it in a treasure trove)
 p - a +2 shield of protection (worn)
   (You found it in a treasure trove)
 D - a +6 mottled dragon armour (worn)
Jewellery
 q - the ring of Ralee {+/*Tele rF+ rC- Dex+2 Stlth+, unknown}
   (You took it off an ironheart preserver on level 5 of the Vaults)

   [ring of teleportation]

   It causes random teleportation, and can be evoked to teleport at will.
   It affects your dexterity (+2).
   It protects you from fire.
   It makes you vulnerable to cold.
   It makes you more stealthy.
 v - a +3 ring of protection (left hand)
 C - an uncursed ring of protection from cold
 U - the ring "Freug" (right hand) {+Fly Int+4 Slay+3}
   (You found it on level 5 of the Shoals)

   [ring of flight]

   It affects your intelligence (+4).
   It affects your accuracy and damage with ranged weapons and melee attacks
   (+3).
   It lets you fly.
Magical devices
 b - a wand of digging (11)
 V - a wand of hasting (5) {@v3}
Scrolls
 l - 7 scrolls of fog
 m - a scroll of immolation {!r}
 s - 10 scrolls of fear
 G - 8 scrolls of magic mapping
 K - 3 scrolls of recharging
 L - 7 scrolls of blinking
 N - 11 scrolls of teleportation {@r4}
 O - 2 scrolls of holy word
 P - 2 scrolls of silence
 Q - 2 scrolls of identify {@r1}
 X - 13 scrolls of remove curse {@r2}
Potions
 e - 14 potions of curing {@q1}
 i - 10 potions of brilliance
 o - 3 potions of heal wounds {@q2}
 u - 3 potions of cancellation
 w - 8 potions of haste {@q3}
 x - 5 potions of agility
 z - 2 potions of resistance
 B - a potion of invisibility
 H - 10 potions of might
 M - 3 potions of berserk rage
 R - 3 potions of restore abilities
 W - 4 potions of magic
Miscellaneous
 g - a legendary deck of changes {drawn: 1}
 y - a plain deck of escape {drawn: 2}
 I - a fan of gales
 S - a lamp of fire
 T - a stone of tremors
Comestibles
 f - 19 meat rations
 t - 4 beef jerkies

#.....
#....#########
#....[....(...
#..............
#...).)..).....
#..()()........
#..()###########
#..D((..........
#..#@............
#..#####(...##..
#. #...$# #.
##....# # ....#
#....# ....#
#.... ...


You could see a storm dragon.


Message History

You hit the shadow dragon but do no damage.
There is a sudden explosion of sparks!
The shadow dragon closely misses you. You block the shadow dragon's attack.
The shadow dragon misses you.
You hit the shadow dragon! You block the shadow dragon's attack.
The shadow dragon closely misses you.
The shadow dragon claws you but does no damage.
You hit the shadow dragon.
The shadow dragon breathes negative energy at you.
The bolt of negative energy misses you.
You hit the shadow dragon!
There is a sudden explosion of sparks!
You kill the shadow dragon!
q - a pitted bone ring You now have 3951 gold pieces (gained 77).
Things that are here:
a morningstar; a leather armour
Okay, then.
Things that are here:
a morningstar; a leather armour You flicker for a moment.
Things that are here:
2 poisoned bolts; a large rock; a shadow dragon corpse
Casting: Repel Missiles
Okay, then.
Items here: $ (( )) [[ †††† You see here a large rock.
You see here 3 large rocks.
You start resting.
You flicker back into view.
Your shield prevents you from hitting the storm dragon.
The storm dragon roars!
The storm dragon completely misses you. x2
You block the storm dragon's attack.
You hit the storm dragon. The storm dragon completely misses you.
The storm dragon barely misses you. The storm dragon tramples you.
* * * LOW HITPOINT WARNING * * *
You hold your ground!
You hit the storm dragon! The storm dragon closely misses you.
You block the storm dragon's attack. The storm dragon closely misses you.
You hit the storm dragon! You block the storm dragon's attack.
You block the storm dragon's attack. x2
You hit the storm dragon! You block the storm dragon's attack.
The storm dragon barely misses you. The storm dragon tramples you.
* * * LOW HITPOINT WARNING * * *
You hold your ground!
You focus your will and blind the storm dragon in retribution!
You hit the storm dragon but do no damage.
The storm dragon barely misses you. The storm dragon completely misses you.
The storm dragon tramples you!
* * * LOW HITPOINT WARNING * * *
You hold your ground!
You hit the storm dragon! The storm dragon misses you.
The storm dragon claws you but does no damage.
The storm dragon closely misses you.
You hit the storm dragon.
You redirect the storm dragon's attack!
The storm dragon breathes lightning at itself.
The bolt of lightning hits the storm dragon.
The storm dragon completely resists.
You hit the storm dragon!
The storm dragon is no longer blind.
The storm dragon barely misses you. You block the storm dragon's attack.
The storm dragon completely misses you.
You hit the storm dragon but do no damage.
You block the storm dragon's attack. x3
You hit the storm dragon! The storm dragon barely misses you.
The storm dragon completely misses you. x2
You hit the storm dragon but do no damage.
The storm dragon breathes lightning at you.
The bolt of lightning hits you!
You feel threatened and lose the ability to read scrolls!
You die...

Action                   |  1- 3 |  4- 6 |  7- 9 | 10-12 | 13-15 | 16-18 | 19-21 | 22-24 | 25-27 || total
-------------------------+-------+-------+-------+-------+-------+-------+-------+-------+-------++-------
Melee: Rapier            |   105 |   257 |   350 |  1120 |  1804 |  2158 |  1722 |  1963 |   807 || 10286
       Unarmed           |       |       |       |       |       |       |       |     1 |       ||     1
 Fire: Blowgun           |       |       |    14 |    16 |       |       |       |       |       ||    30
Throw: Stone             |     9 |    41 |    16 |    97 |    63 |       |       |       |       ||   226
       Throwing net      |     3 |    10 |    13 |     7 |     2 |       |     5 |       |     2 ||    42
       Tomahawk          |       |       |     3 |     1 |       |    56 |    31 |    66 |     1 ||   158
 Cast: Repel Missiles    |       |       |       |       |       |       |     4 |     6 |     3 ||    13
Invok: Sacrifice Essence |       |       |     1 |       |     1 |       |       |     1 |       ||     3
       Sacrifice Purity  |       |       |       |     1 |       |     1 |       |     1 |       ||     3
       Sacrifice Words   |       |       |       |     1 |       |       |       |       |       ||     1
       Sacrifice Durabil |       |       |       |     1 |       |       |       |       |       ||     1
       Reject Sacrifices |       |       |       |       |     2 |     4 |     1 |       |       ||     7
       Sacrifice Arcana  |       |       |       |       |     1 |       |       |       |       ||     1
       Apocalypse        |       |       |       |       |     2 |     3 |     2 |     3 |     4 ||    14
       Sacrifice Love    |       |       |       |       |     1 |       |       |       |       ||     1
       Draw Out Power    |       |       |       |       |       |     7 |       |     3 |       ||    10
 Abil: Evoke Blink       |       |       |       |       |     2 |       |       |     1 |       ||     3
Evoke: Wand              |       |       |       |     2 |     7 |       |     1 |     1 |     1 ||    12
       Deck              |       |       |       |       |       |       |       |     1 |     2 ||     3
  Use: Potion            |       |     4 |       |       |     1 |     5 |     1 |     6 |     9 ||    26
       Scroll            |       |     4 |     4 |    12 |    13 |    18 |    17 |    20 |     2 ||    90
 Stab: Sleeping          |     3 |     1 |     3 |    19 |    55 |    61 |    56 |    40 |     2 ||   240
       Held in net/web   |       |     3 |    12 |     2 |       |       |     1 |       |     3 ||    21
       Distracted        |       |       |       |     3 |    10 |    29 |    23 |    17 |    12 ||    94
       Invisible         |       |       |       |     1 |    11 |    22 |    11 |     8 |    11 ||    64
       Paralysed         |       |       |       |       |     3 |     3 |     5 |     8 |     3 ||    22
  Eat: Chunk             |    11 |     9 |    11 |    33 |    38 |    44 |    45 |    37 |    14 ||   242
       Royal jelly       |       |       |       |       |     1 |       |       |     2 |       ||     3
       Meat ration       |       |       |       |       |     1 |     1 |       |       |       ||     2
       Beef jerky        |       |       |       |       |       |     3 |       |       |     2 ||     5
       Pizza             |       |       |       |       |       |     3 |       |     1 |       ||     4

Vault maps used:
D:1:      dpeg_arrival_boxorama, grunt_decor_fettered
D:2:      lemuel_round_altar
D:3:      elyvilon_altar_5, nicolae_overflow_hidden_temple,
          nicolae_qazlal_style_of_elements
D:4:      bloody_makhleb, tgw_sif, trog_book, uniq_sigmund, uniq_menkaure,
          uniq_blork_the_orc
D:5:      minmay_temple_entry_statues_fountains, first_bread, uniq_edmund,
          uniq_pikel, uniq_eustachio, uniq_grinder
D:6:      nicolae_dithmenos_shadow_blocks, serial_shops, shop,
          minmay_misc_feat_chi
D:7:      grunt_temple_overflow_forces_of_nature, kennysheep_mini,
          ashenzari_conservatory_becter, grunt_ogre_cave,
          fedhas_altar_decomposition, uniq_duvessa
D:8:      lemuel_crystal_altar, uniq_grum
D:9:      kennysheep_mini_moat, lemuel_doored_altar
D:10:     grunt_lair_entry_elf_guard_hut, erik_orc_3
D:11:     nicolae_trove_entry_crystal, serial_shops, shop
D:12:     serial_shops, shop, serial_park_tiny_2
D:13:     serial_ice, serial_ice_e, serial_ice_o, serial_ice_f, serial_ice_d,
          uniq_josephine, uniq_maurice
D:14:     david_vaults_2, serial_shops, shop, minivault_19, uniq_azrael
D:15:     grunt_enter_depths_hoard, hangedman_decor_peaks_small
Temple:   circular_temple_6
Lair:1:   enter_volcano_2
Lair:2:   basic_altar, serial_bayou_ford_a
Lair:3:   elwin_shoals_entry_stream, uniq_gastronok
Lair:4:   minmay_snake_entry_six_corridors
Lair:5:   nicolae_quartered_pool_medium
Lair:6:   serial_bayou_shore_b, grunt_megastairs_3, serial_bayou_shore_a
Lair:7:   beast_lair_carwin_7, serial_bayou_shore_b
Lair:8:   evilmike_catoblepas_cave, dpeg_slime_entry_corner, st_stairs_7,
          uniq_fannar
Shoals:3: uniq_mara
Shoals:4: lemuel_oklob_altar
Shoals:5: shoals_end_simple, shoals_ilsuiw_alternative
Snake:1:  uniq_nikola
Snake:2:  nicolae_snake_shapes
Snake:4:  serial_shops, nicolae_shop_stone, grunt_ministairs_9,
          hangedman_snake_pattern, serial_bayou_pond_b, uniq_aizul
Snake:5:  minmay_snake_end_coiled
Orc:1:    lightli_orcish_oven, uniq_prince_ribbit1
Orc:2:    nicolae_for_you_no_charge, uniq_snorg
Orc:3:    serial_shops, nicolae_shop_stone, nicolae_orc_pool_cavern
Orc:4:    st_orc_ogre_mass
Vaults:1: vaults_dpeg_hooks, grunt_vaults_hallway_long, ontoclasm_vaults_idyll,
          vaults_mumra_lcd, ontoclasm_vaults_decontamination,
          nicolae_vaults_lopsided_apartments, ontoclasm_vaults_twist, v_misc_30,
          hangedman_vaults_nodes, vaults_room_fancy_cross, v_misc_17, v_rooms_6,
          grunt_vaults_hallway_short, v_rooms_2,
          nicolae_vaults_ring_of_whatevers, vaults_dpeg_ring,
          vaults_dpeg_diagonal, uniq_jorgrun
Vaults:2: minmay_crypt_entry_skeletal_spiral, nicolae_vaults_little_squares_1,
          v_alt_pattern_2, v_misc_11, nicolae_vaults_sealed_display,
          v_pattern_1, v_alt_pattern_1, ontoclasm_vaults_eye,
          ontoclasm_vaults_fault, nicolae_vaults_shelves_hall, basic_altar,
          serial_shops, shop
Vaults:3: v_misc_13, v_misc_4, v_misc_8, v_misc_28, grunt_vaults_twisty,
          nicolae_vaults_theta, v_pattern_4, nicolae_vaults_ring_of_whatevers,
          nicolae_vaults_little_squares_6
Vaults:4: vaults_mumra_hexcomb, hangedman_vaults_corner, v_misc_23,
          ontoclasm_vaults_pinch, v_rooms_1, ontoclasm_vaults_ring_square,
          nicolae_vaults_circle_grid_b, v_misc_22, v_misc_12,
          vaults_standard_mumra_x, nicolae_vaults_border_crossing, uniq_boris
Vaults:5: serial_shops
Depths:1: grunt_pan_entry_in_and_out, abyss_entry, minmay_tree_intersection,
          hell_entry, grunt_ministairs_3, kennysheep_opposing_triangles
Depths:2: wad_pebble_path, serial_shops, shop, hangedman_decor_slide_cut,
          hell_entry, infiniplex_staircase_zigzag_5, firewood_loft
Depths:3: grunt_profane_halls, hell_entry, abyss_entry, pan_entry
Depths:4: minmay_fractal_lines_corner, kennysheep_decorative_pillar, hell_entry,
          marbit_kobold_abyss_entry, uniq_boris
Depths:5: grunt_zot_entry_tricorne, minmay_misc_feat_hallway,
          grunt_hell_entry_dis_old, minmay_misc_feat_alley, item_on_display_a,
          uniq_boris
Abyss:2:  hangedman_steaming_rock
Abyss:3:  minivault_20, grunt_abyss_rune_sword_and_sorcery
Trove:    trove_armour_1
Volcano:  volcano_lake

Notes
Turn   | Place    | Note
--------------------------------------------------------------
     0 | D:1      | Sixotanaka, the Kobold Gladiator, began the quest for the Orb.
     0 | D:1      | Reached XP level 1. HP: 12/12 MP: 1/1
   146 | D:1      | Reached XP level 2. HP: 17/17 MP: 2/2
   410 | D:1      | Sixotanaka: hobgoblin gladiator
   410 | D:1      | Sixotanaka: he chose maces tho
   504 | D:1      | Sixotanaka: what's with all the large shields
   504 | D:1      | Sixotanaka: in d1
   562 | D:1      | Reached skill level 5 in Short Blades
   803 | D:1      | zzxc: is half xp reward for summons' kills still in effect?
   803 | D:1      | Sixotanaka: btw twitch was hacked
   803 | D:1      | zzxc: yer
   803 | D:1      | Sixotanaka: encrypted passwords, emails lost
   870 | D:1      | Sixotanaka: you know the pattern you showed me once?
   870 | D:1      | Sixotanaka: i took that to the extreme
   870 | D:1      | zzxc: pattern?
   870 | D:1      | Sixotanaka: to make passwords
   870 | D:1      | zzxc: right yeah
   870 | D:1      | Sixotanaka: i do it at two seperate places
   911 | D:1      | zzxc: I've experimented with a lot of ways to make pws
   986 | D:1      | Sixotanaka: ya
   986 | D:1      | Sixotanaka: me too
   986 | D:1      | Sixotanaka: constantly making more complicated systems
   986 | D:1      | zzxc: the most innovative was when I had part of a password which worked by rhythm
   988 | D:2      | Sixotanaka: for counting?
   988 | D:2      | Sixotanaka: or something
   988 | D:2      | zzxc: like I would place my fingers on certain keys
   988 | D:2      | zzxc: and tap a particular rhythm
   988 | D:2      | Sixotanaka: lol
   988 | D:2      | zzxc: for a while
   988 | D:2      | Sixotanaka: like higher notes to the right/left or something
   988 | D:2      | zzxc: since I tap a lot when im on the computer
   988 | D:2      | zzxc: nah
   988 | D:2      | zzxc: not melody
   988 | D:2      | Reached XP level 3. HP: 21/21 MP: 3/3
   991 | D:2      | zzxc: just a rhythm
  1003 | D:2      | Sixotanaka: ah
  1003 | D:2      | Sixotanaka: u could do both
  1003 | D:2      | Sixotanaka: do a song
  1003 | D:2      | zzxc: you could
  1003 | D:2      | Sixotanaka: u know really well
  1003 | D:2      | zzxc: lol
  1003 | D:2      | zzxc: liszt totentanz
  1003 | D:2      | Sixotanaka: blackwater park
  1003 | D:2      | zzxc: typed on a keyboard
  1003 | D:2      | Sixotanaka: guitar
  1003 | D:2      | Sixotanaka: or drum
  1003 | D:2      | Sixotanaka: or drum one hand
  1003 | D:2      | Sixotanaka: guitar other
  1003 | D:2      | zzxc: lol
  1003 | D:2      | zzxc: how about
  1003 | D:2      | zzxc: dance of eternity drum track
  1003 | D:2      | zzxc: tapped out
  1003 | D:2      | Sixotanaka: lol
  1003 | D:2      | zzxc: as a pw
  1003 | D:2      | zzxc: no, as part of a pw
  1003 | D:2      | Sixotanaka: 128+ key password
  1003 | D:2      | Sixotanaka: remembered
  1003 | D:2      | zzxc: that would be like 50k+
  1003 | D:2      | Sixotanaka: rofl
  1003 | D:2      | Sixotanaka: yeah
  1003 | D:2      | Sixotanaka: keyboards would beep at u
  1003 | D:2      | Sixotanaka: err
  1003 | D:2      | Sixotanaka: computers
  1003 | D:2      | Sixotanaka: via the motherboard speakers
  1006 | D:2      | Sixotanaka: so i had to change a bunch of pwords
  1006 | D:2      | zzxc: 12 mins
  1006 | D:2      | zzxc: well
  1006 | D:2      | zzxc: I use a tiered system
  1009 | D:2      | zzxc: most important passwords are like
  1012 | D:2      | zzxc: gmail, steam
  1016 | D:2      | Sixotanaka: yeah
  1016 | D:2      | Sixotanaka: for me
  1016 | D:2      | Sixotanaka: google/ms/steam
  1016 | D:2      | zzxc: and those aren't shared
  1016 | D:2      | Sixotanaka: also bnet and league
  1016 | D:2      | zzxc: but really unimportant stuff
  1016 | D:2      | zzxc: I use the same ones
  1016 | D:2      | zzxc: like
  1016 | D:2      | zzxc: wouldnt care if someone else even accessed it
  1016 | D:2      | zzxc: or people just wouldnt
  1016 | D:2      | zzxc: ok
  1016 | D:2      | zzxc: 10 mins
  1016 | D:2      | zzxc: I need to finish off my 750 words
  1016 | D:2      | zzxc: :o
  1016 | D:2      | zzxc: written like 540
  1016 | D:2      | zzxc: 450
  1016 | D:2      | zzxc: now I have to type nonstop
  1016 | D:2      | zzxc: which means
  1016 | D:2      | zzxc: moose story time
  1016 | D:2      | Sixotanaka: lol
  1016 | D:2      | Fiveotanaka: sounds fun
  1016 | D:2      | Fiveotanaka: had a thought of trying something of Zin
  1016 | D:2      | Fiveotanaka: how would you folks rate zin?
  1016 | D:2      | Sixotanaka: one of the strongest
  1016 | D:2      | Sixotanaka: in extended
  1016 | D:2      | Sixotanaka: at least I put tier 1 onto a unified system
  1016 | D:2      | Sixotanaka: if one goes they may as well all go
  1208 | D:2      | Sixotanaka: though I think gmail might be doubled or tripled in complexity
  1208 | D:2      | Sixotanaka: my system is pretty scalable
  1583 | D:2      | Found an opulent altar of Gozag.
  1612 | D:2      | Reached skill level 6 in Short Blades
  1612 | D:2      | Reached XP level 4. HP: 26/26 MP: 4/4
  1760 | D:2      | zzxc: The moose is a special kind of creature. He is very nice. He is also a moose. The moose has a name, but noone knows what it is. Sometimes people are visited by the moose. He will visit them while they are sleeping, and steal their stuff. But he leaves gold behind, worth a lot more than the stuff he steals. You see, he's very rich. And he's also a moose. The moose with a plan. He has a plan to steal stuff, and replace them. That's the plan. He has a good plan. Most of the time, people never see him. But occasionally someone does. That's when he turns invisible. Then they can no longer see him. He has it all worked out, this moose. He's a special moose. He can talk, too. But he doesn't talk to people, or other moose. He talks to birds mostly. Why? Nobody really knows. Actually, nobody has even witnessed it. It seems to be a rumour, but probably has no basis in reality. That's OK though. Moose stories are widespread. They are like bedtime stories for some, because they don't seem to be real. But they are. All the stories are real. The moose really does turn into a weremoose when there's a full moon. He is very scary when that happens. You don't really want to be visited by a weremoose. It can be painful, and/or dangerous. Actually, usually it's very dangerous. Sometimes you can be turned into a weremoose yourself. That's really where all our knowledge of weremoose comes from. Lots of data actually. Some people keep records about weremoose. They are special creatures. Like moose but much more evil. Evil moose. Well, one could say that all moose are evil to begin with. Certainly, this moose we are talking about is. But he's not the sort of evil that destroys people's brains and so on. It's more of a naughty evil. This moose will visit people in the night and give them lots of gold. Very evil indeed. Well, he is a moose.
  1784 | D:2      | Sixotanaka: lol
  1964 | D:2      | zzxc: im really unsure
  1964 | D:2      | zzxc: if I am getting anything out of writing this nonsense
  1979 | D:2      | Sixotanaka: lol
  1979 | D:2      | zzxc: but the streak must continue
  1979 | D:2      | Sixotanaka: rofl
  1979 | D:2      | Sixotanaka: chieves
  2239 | D:2      | Sixotanaka: this kobold can certainly hurl a stone
  2239 | D:2      | zzxc: this kobold is dangerous
  2536 | D:2      | zzxc: time to eat a lot of mars bar
  2753 | D:2      | Sixotanaka: rofl
  2753 | D:2      | Sixotanaka: turn on ALL the lights
  2753 | D:2      | zzxc: I did tunrn on one
  2805 | D:2      | Reached skill level 7 in Short Blades
  2805 | D:2      | Reached XP level 5. HP: 20/30 MP: 5/5
  2903 | D:2      | zzxc: Grard Hellion is such a cool name
  2903 | D:2      | Sixotanaka: Grards Hellion
  2921 | D:2      | You fall through a shaft!
  3157 | D:3      | Found a stormy altar of Qazlal.
  3159 | D:3      | Noticed a water elemental
  3159 | D:3      | Noticed an earth elemental
  3160 | D:3      | Noticed an air elemental
  3160 | D:3      | Noticed a fire elemental
  3260 | D:3      | zzxc: check this out
  3260 | D:3      | zzxc: on my game
  3260 | D:3      | zzxc: fedhasreasons
  3260 | D:3      | Ultraviolent4: does your human necromancer ghost have boots of running? lol
  3260 | D:3      | Ultraviolent4: i swear its super fast
  3260 | D:3      | Ultraviolent4: nope, no boots
  3260 | D:3      | Ultraviolent4: found the morgue file lol
  3333 | D:3      | HP: 6/30 [orc priest/divine providence (16)]
  3335 | D:3      | Reached skill level 8 in Short Blades
  3339 | D:3      | HP: 1/30 [orc wizard/puff of flame (11)]
  3351 | D:3      | Reached XP level 6. HP: 16/35 MP: 6/6
  3544 | D:3      | Found a shimmering altar of Xom.
  3685 | D:3      | Found a white marble altar of Elyvilon.
  4061 | D:4      | Reached skill level 9 in Short Blades
  4747 | D:4      | Noticed Blork the orc
  4758 | D:4      | Noticed Sigmund
  4758 | D:4      | Killed Blork the orc
  4758 | D:4      | Reached XP level 7. HP: 40/40 MP: 7/7
  4773 | D:4      | Killed Sigmund
  4773 | D:4      | Reached skill level 10 in Short Blades
  4899 | D:4      | Found a bloodstained altar of Trog.
  5317 | D:4      | Found a burning altar of Makhleb.
  5623 | D:5      | Entered Level 5 of the Dungeon
  5668 | D:5      | Noticed Grinder
  5713 | D:5      | Killed Grinder
  5713 | D:5      | Reached skill level 11 in Short Blades
  5713 | D:5      | Reached XP level 8. HP: 44/44 MP: 8/8
  5721 | D:5      | Noticed Pikel
  5768 | D:4      | Killed Pikel
  5768 | D:4      | Reached skill level 13 in Short Blades
  5978 | D:5      | Noticed Edmund
  6022 | D:5      | Reached XP level 9. HP: 48/48 MP: 9/9
  6078 | D:5      | Found a staircase to the Ecumenical Temple.
  6091 | Temple   | Entered the Ecumenical Temple
  6105 | Temple   | Became a worshipper of Ru the Awakened
  6432 | D:5      | Killed Eustachio
  6654 | D:5      | Killed Edmund
  6654 | D:5      | Reached skill level 14 in Short Blades
  7069 | D:5      | Reached skill level 4 in Dodging
  7447 | D:6      | Reached skill level 5 in Dodging
  7493 | D:6      | Found Xufups' General Store.
  7499 | D:6      | Reached skill level 6 in Dodging
  7526 | D:6      | Bought a scroll of identify for 24 gold pieces
  7647 | D:6      | Got a crystal rapier
  7682 | D:6      | Identified the +6 rapier of Irchut {pierce, +Blink +Fly rC+ Str-3 Stlth+} (You found it on level 6 of the Dungeon)
  7740 | D:6      | Reached skill level 7 in Dodging
  7757 | D:6      | Found a shadowy altar of Dithmenos.
  8092 | D:6      | Reached skill level 8 in Dodging
  8153 | D:6      | Gained mutation: Your casting is slightly disrupted. [Ru sacrifice]
  8286 | D:7      | Found a shattered altar of Ashenzari.
  8291 | D:7      | Noticed Duvessa
  8291 | D:7      | Noticed Dowan
  8311 | D:7      | Killed Dowan
  8399 | D:7      | Killed Duvessa
  8498 | D:7      | Reached XP level 10. HP: 45/53 MP: 10/10
  8543 | D:7      | Reached skill level 9 in Dodging
  8818 | D:7      | Found a basalt altar of Yredelemnul.
  8991 | D:7      | Found a blossoming altar of Fedhas.
  9012 | D:7      | Found a blossoming altar of Fedhas.
  9015 | D:7      | Found a stormy altar of Qazlal.
  9065 | D:7      | Reached skill level 10 in Dodging
  9467 | D:7      | Reached skill level 11 in Dodging
  9848 | D:8      | Found a bloodstained altar of Trog.
 10180 | D:8      | Noticed Grum
 10186 | D:8      | Reached skill level 12 in Dodging
 10558 | D:8      | zzxc: 4 int
 10558 | D:8      | zzxc: lol
 10558 | D:8      | zzxc: if you take dopey
 10558 | D:8      | Sixotanaka: 2 int
 10558 | D:8      | zzxc: tought it was -2
 10558 | D:8      | zzxc: -4 is rank 2
 10558 | D:8      | Sixotanaka: o
 10558 | D:8      | Sixotanaka: 4 int is fine
 10558 | D:8      | zzxc: idk
 10558 | D:8      | Sixotanaka: i already took -wiz
 10558 | D:8      | Sixotanaka: 2 is stretching it
 10558 | D:8      | Sixotanaka: tho
 10558 | D:8      | zzxc: if it's 2 you could increase int a couple times
 10558 | D:8      | Sixotanaka: ya
 10558 | D:8      | zzxc: and you might find int hat
 10558 | D:8      | Gained mutation: You are dopey. (Int -2) [Ru sacrifice]
 10559 | D:8      | zzxc: ya
 10559 | D:8      | zzxc: -2
 10629 | D:8      | zzxc: cool
 10652 | D:8      | zzxc: wot
 10657 | D:8      | zzxc: doesnt show any piety gain
 10657 | D:8      | Sixotanaka: yeah
 10657 | D:8      | Sixotanaka: and that's my second one
 10844 | D:8      | zzxc: what was first?
 10846 | D:9      | Sixotanaka: -wiz
 10846 | D:9      | zzxc: hmm
 10847 | D:9      | Found a glowing silver altar of Zin.
 10866 | D:9      | zzxc: might be because they are very minor sacrifices
 10878 | D:9      | zzxc: well -wiz isnt
 10882 | D:9      | zzxc: but -2 int is
 10882 | D:9      | Sixotanaka: well
 10882 | D:9      | Sixotanaka: -wiz isn't for this char...
 10990 | D:9      | zzxc: wondering what to make next
 10998 | D:9      | zzxc: I think draconian is most guaranteed win
 11139 | D:9      | zzxc: followed by Sp maybe
 11156 | D:9      | zzxc: or Ko
 11156 | D:9      | zzxc: Hu
 11156 | D:9      | Sixotanaka: Sp worth lots of points
 11156 | D:9      | Sixotanaka: somehow
 11197 | D:9      | Sixotanaka: sp is like perfect for your playstyle
 11215 | D:9      | zzxc: I dont like the low hp
 11217 | D:9      | zzxc: and ac
 11361 | D:9      | zzxc: turn a corner, two orc priests in melee range
 11405 | D:9      | zzxc: pretty much death
 11408 | D:9      | zzxc: early on
 11447 | D:9      | Found a sparkling altar of Nemelex Xobeh.
 11448 | D:9      | Sixotanaka: mm
 11703 | D:9      | Got an ominously black robe
 11804 | D:10     | Entered Level 10 of the Dungeon
 11810 | D:10     | Reached skill level 13 in Dodging
 11810 | D:10     | Reached XP level 11. HP: 52/57 MP: 11/11
 11840 | D:10     | zzxc: training throwing?
 11848 | D:10     | Sixotanaka: idk
 11854 | D:10     | zzxc: you only throw rocks?
 11854 | D:10     | Sixotanaka: I think throwing is pretty strong
 11854 | D:10     | Sixotanaka: yeah because I only have rocks and a blow gun
 11854 | D:10     | zzxc: which you cant swap to
 11854 | D:10     | zzxc: lol
 11854 | D:10     | Sixotanaka: i could just read
 11854 | D:10     | Sixotanaka: it's not cursed
 11854 | D:10     | Sixotanaka: it was a death curse
 11854 | D:10     | zzxc: but why would you train throwing
 11856 | D:10     | zzxc: i dont get it
 11857 | D:10     | zzxc: for rocks
 11858 | D:10     | zzxc: i mean
 11859 | D:10     | Sixotanaka: nets?
 11859 | D:10     | zzxc: even with +3 apt
 11859 | D:10     | Sixotanaka: nets are the whole reason I got this far
 11859 | D:10     | zzxc: do you have nets?
 11859 | D:10     | zzxc: well
 11859 | D:10     | zzxc: you dont need much throwing skill for nets ifind
 11896 | D:10     | zzxc: I used nets to good effect vs nikola
 11907 | D:10     | zzxc: last game
 11907 | D:10     | Sixotanaka: yeah
 11907 | D:10     | zzxc: only had about 4 throwing
 11907 | D:10     | Sixotanaka: i had some struggles
 11907 | D:10     | Sixotanaka: and netted some stuff
 11907 | D:10     | Sixotanaka: i'm not going to train it long
 11917 | D:10     | Reached skill level 3 in Throwing
 11918 | D:10     | zzxc: ya ok
 11918 | D:10     | zzxc: kobold apts are quite nice
 11918 | D:10     | Sixotanaka: ya ikr
 11918 | D:10     | zzxc: stealth?
 11918 | D:10     | Sixotanaka: idk
 11928 | D:10     | Reached skill level 1 in Stealth
 11933 | D:10     | Reached skill level 2 in Stealth
 11939 | D:10     | zzxc: dodging op
 11940 | D:10     | Reached skill level 3 in Fighting
 11940 | D:10     | Reached skill level 3 in Stealth
 11944 | D:10     | Sixotanaka: 26 rofl
 11999 | D:10     | zzxc: if you get unlucky tho
 12002 | D:10     | zzxc: 2 shotted
 12015 | D:10     | Reached skill level 4 in Stealth
 12023 | D:10     | Reached skill level 4 in Fighting
 12044 | D:10     | zzxc: yak dam 18
 12055 | D:10     | zzxc: I guess 4 shot
 12055 | D:10     | Sixotanaka: 18 * 2 = 61?
 12056 | D:10     | zzxc: lol
 12065 | D:10     | zzxc: if you are fighting two at once
 12068 | D:10     | Sixotanaka: which iw asn't
 12133 | D:10     | zzxc: well I only guessed at 2 shot
 12145 | D:10     | zzxc: then I looked up the dam
 12267 | D:10     | Reached skill level 5 in Stealth
 12597 | D:10     | Reached skill level 5 in Fighting
 12671 | D:10     | Noticed a hill giant
 12687 | D:10     | Killed a hill giant
 12687 | D:10     | Reached skill level 6 in Stealth
 12821 | D:10     | Gained mutation: You cannot read scrolls while threatened. [Ru sacrifice]
 12821 | D:10     | Acquired Ru's first power
 12821 | D:10     | Acquired Ru's second power
 12825 | D:10     | Found a staircase to the Orcish Mines.
 13309 | D:10     | Found a staircase to the Lair.
 13326 | D:10     | Noticed a hill giant
 13420 | D:10     | HP: 9/64 [hill giant/giant spiked club (32)]
 13579 | D:10     | Reached skill level 7 in Stealth
 13625 | D:10     | Reached skill level 6 in Fighting
 14057 | D:9      | Killed a hill giant
 14220 | D:10     | Reached skill level 8 in Stealth
 14655 | Lair:1   | Entered Level 1 of the Lair of Beasts
 14732 | Lair:1   | Reached skill level 7 in Fighting
 14758 | Lair:1   | Fiveotanaka: dinnertime for me, so watching you
 14978 | Lair:1   | Fiveotanaka: my og has 17 EV, not too shabby
 15050 | Lair:1   | Reached skill level 8 in Fighting
 15067 | Lair:1   | Reached XP level 12. HP: 64/74 MP: 12/12
 15324 | Lair:1   | Found a dark tunnel.
 15352 | Volcano  | Entered a volcano
 15412 | Volcano  | Found a burning altar of Makhleb.
 15412 | Volcano  | Noticed a hell knight
 15414 | Volcano  | Killed a hell knight
 15414 | Volcano  | Reached skill level 9 in Fighting
 15445 | Volcano  | Fiveotanaka: on my MiAs i had 4 iron golems on D8
 15448 | Volcano  | Fiveotanaka: =(
 15553 | Volcano  | Sixotanaka: lol
 15572 | Volcano  | Reached skill level 10 in Fighting
 16495 | Lair:1   | Fiveotanaka: sam had trouble yesterday because he thought that you needed to wield the spellbook to use it or to use spells in that book
 16583 | Lair:2   | Reached skill level 11 in Fighting
 16758 | Lair:2   | Sixotanaka: lol
 16758 | Lair:2   | Fiveotanaka: yeah if he pops up we're really gonna have to help him along
 16758 | Lair:2   | Sixotanaka: hehe
 16758 | Lair:2   | Sixotanaka: he'll get it eventually
 16758 | Lair:2   | Fiveotanaka: he wanted to play caster first so I think you two are much better equipped for that advice than I am
 16758 | Lair:2   | Sixotanaka: lol i suck at casters
 16758 | Lair:2   | Fiveotanaka: youre a lot better than em
 16758 | Lair:2   | zzxc: I used to love casters
 16758 | Lair:2   | zzxc: but now I much prefer melee types
 16758 | Lair:2   | Fiveotanaka: even if I go a caster im pretty much a FE/IE/AE/Cj
 16758 | Lair:2   | Fiveotanaka: and thats all
 16758 | Lair:2   | zzxc: EE is easier than AE
 16758 | Lair:2   | zzxc: AE is the only one I dont like
 16758 | Lair:2   | zzxc: and Wz is a bit annoying
 16758 | Lair:2   | zzxc: but ok
 16758 | Lair:2   | zzxc: sacrifice durability maybe/
 16758 | Lair:2   | zzxc: sac health is -3 ev in this case
 16758 | Lair:2   | zzxc: which could be OK I guess
 16758 | Lair:2   | Fiveotanaka: clumsy is -2ev
 16758 | Lair:2   | zzxc: but I imagine durability is worth more
 16758 | Lair:2   | zzxc: clumsy is -2 dex
 16758 | Lair:2   | Fiveotanaka: thats what I meant
 16758 | Lair:2   | Fiveotanaka: :P
 16758 | Lair:2   | zzxc: I would guess that durability is worth the most
 16758 | Lair:2   | Fiveotanaka: you have to confirm
 16758 | Lair:2   | Sixotanaka: yeah
 16758 | Lair:2   | zzxc: how can you check
 16758 | Lair:2   | Fiveotanaka: so you can get a reading for how much its worth
 16758 | Lair:2   | Sixotanaka: probs not gonna rely on ac ever
 16758 | Lair:2   | Sixotanaka: IDK
 16758 | Lair:2   | Sixotanaka: this is for testing right?
 16758 | Lair:2   | Sixotanaka: that's why I didn't play more after first sac
 16758 | Lair:2   | Sixotanaka: waiting for you
 16758 | Lair:2   | zzxc: could look thru the source code
 16758 | Lair:2   | Sixotanaka: lol
 16758 | Lair:2   | Fiveotanaka: choose each of them, lets see how much theyre worth
 16758 | Lair:2   | Fiveotanaka: thats a good idea
 16758 | Lair:2   | Fiveotanaka: they had exact piety numbers in the logs
 16758 | Lair:2   | Fiveotanaka: i believe
 16758 | Lair:2   | zzxc: 'this is a modest sacrifice'
 16758 | Lair:2   | Fiveotanaka: well none of them are trivial
 16758 | Lair:2   | Sixotanaka: durability
 16758 | Lair:2   | Sixotanaka: is large
 16758 | Lair:2   | Sixotanaka: other two are modest
 16758 | Lair:2   | Sixotanaka: dinner time
 16758 | Lair:2   | Sixotanaka: BRB
 16758 | Lair:2   | Fiveotanaka: for the ones that ask you to sacrifice a skill the more you have invested into it the more piety its worth too
 16758 | Lair:2   | Fiveotanaka: Monsters no longer avoid walking on shadow traps.
 16758 | Lair:2   | Gained mutation: You cannot train Armour skill. [Ru sacrifice]
 16758 | Lair:2   | Acquired Ru's third power
 16863 | Lair:2   | Found a radiant altar of Vehumet.
 17546 | Lair:2   | Noticed a six-headed hydra
 17734 | Lair:3   | Noticed Gastronok
 17783 | Lair:3   | Found a staircase to the Shoals.
 17812 | Lair:3   | Reached skill level 12 in Fighting
 18188 | Lair:3   | Reached skill level 13 in Fighting
 18392 | Lair:3   | Reached skill level 1 in Evocations
 18392 | Lair:3   | Reached XP level 13. HP: 82/88 MP: 12/15
 18469 | Lair:3   | Reached skill level 2 in Evocations
 18494 | Lair:3   | Reached skill level 3 in Evocations
 18528 | Lair:3   | Gained mutation: You cannot study or cast Ice magic. [Ru sacrifice]
 18528 | Lair:3   | Gained mutation: You cannot study or cast Hexes magic. [Ru sacrifice]
 18528 | Lair:3   | Gained mutation: You cannot study or cast Summoning magic. [Ru sacrifice]
 18528 | Lair:3   | Acquired Ru's fourth power
 18823 | Lair:4   | Reached skill level 4 in Evocations
 18861 | Lair:4   | Identified the cursed -5 robe of Froc {+Blink Str+4 Slay-4 Stlth+} (You found it on level 9 of the Dungeon)
 18898 | Lair:4   | Found a staircase to the Snake Pit.
 18899 | Lair:4   | Reached skill level 5 in Evocations
 18914 | Lair:4   | Reached skill level 6 in Evocations
 19029 | Lair:4   | Reached skill level 7 in Evocations
 19176 | Lair:4   | Reached skill level 8 in Evocations
 20046 | Lair:4   | Reached skill level 14 in Dodging
 20819 | Lair:6   | zzxc: wow
 20819 | Lair:6   | zzxc: I remembered to do my 750 words
 20819 | Lair:6   | zzxc: with 10 minutes left in the day
 20819 | Lair:6   | zzxc: I wrote at 86 wpm
 20819 | Lair:6   | zzxc: mostly about a miraculous moose
 20819 | Lair:6   | zzxc: that was amazing
 20819 | Lair:6   | Sixotanaka: lol
 20819 | Lair:6   | zzxc: what are you gonna sac?
 20819 | Lair:6   | zzxc: wtf
 20819 | Lair:6   | zzxc: http://crawl.akrasiac.org/rawdata/joy1999/morgue-joy1999-20150325-130225.txt
 20819 | Lair:6   | zzxc: xl 14 ascension
 20819 | Lair:6   | Sixotanaka: idk man
 20819 | Lair:6   | Sixotanaka: wow haha
 20819 | Lair:6   | Sixotanaka: "the unseen"
 20819 | Lair:6   | Sixotanaka: apparently
 20819 | Lair:6   | zzxc:
 64366 | Abyss:1  | Gained mutation: You are somewhat inexperienced (-2 XL). [Ru sacrifice]
 20819 | Lair:6   | zzxc:
 65501 | D:7      | Killed themself with a bounced orb of electricity
 65502 | D:7      | Reached XP level 15. HP: -7/78 MP: 41/44
 20819 | Lair:6   | zzxc:
 65672 | D:2      | Killed themself with a bounced orb of electricity
 65673 | D:2      | Reached XP level 14. HP: -7/75 MP: 43/43
 20819 | Lair:6   | Sixotanaka: lol
 20819 | Lair:6   | Sixotanaka: d2?
 20819 | Lair:6   | Sixotanaka: on purpose?
 20819 | Lair:6   | zzxc: yes
 20819 | Lair:6   | Sixotanaka: lol
 20819 | Lair:6   | zzxc: to get the lowest xl ascension ever
 20819 | Lair:6   | zzxc: i think
 20819 | Lair:6   | zzxc: or lowest in a verey very long time
 20819 | Lair:6   | Sixotanaka: wow
 20819 | Lair:6   | zzxc: now im eating chocolate moose
 20819 | Lair:6   | zzxc: you;re not playing?
 20819 | Lair:6   | Fiveotanaka: im on another streak lul
 20819 | Lair:6   | Fiveotanaka: too bad the scores only count your biggest streak
 20819 | Lair:6   | Sixotanaka: lol
 20819 | Lair:6   | Fiveotanaka: maybe for my next one i should give merfolk a go, maybe a merfolk glad to keep the streak going
 20819 | Lair:6   | Fiveotanaka: which would leave me something liek a gargoyle for 4-streak
 20819 | Lair:6   | Fiveotanaka: experience is -2 max level
 20819 | Lair:6   | Sixotanaka: and -2 level right away
 20819 | Lair:6   | Sixotanaka: i know
 20819 | Lair:6   | Sixotanaka: i looked them all up
 20819 | Lair:6   | Fiveotanaka: still deciding?
 20819 | Lair:6   | Sixotanaka: pretty sure i'm gonna pass
 20819 | Lair:6   | Sixotanaka: just waking up
 20819 | Lair:6   | Fiveotanaka: haha
 20819 | Lair:6   | Fiveotanaka: yeah not a good time to be making moves
 20819 | Lair:6   | Fiveotanaka: im surprised i didnt splat my og in the morning
 20819 | Lair:6   | Fiveotanaka: i was gonna try extended but i didnt get an amulet of rmut until zot:4
 20819 | Lair:6   | Fiveotanaka: so i just decided to ascend
 20819 | Lair:6   | Sixotanaka: lol
 20819 | Lair:6   | Fiveotanaka: im wondering why my guys are getting so many penalty minutes in one of my WSH leagues, 4 guys in the top 20 for PIMs in a 24-team league
 20819 | Lair:6   | Fiveotanaka: then i see stuff like this
 20819 | Lair:6   | Fiveotanaka: 01:08 T. WILLIAMS (Fighting) 01:08 T. WILLIAMS(Instigator) 01:08 T. WILLIAMS(Misconduct) 01:08 T. WILLIAMS (Game Misconduct - Aggressor)
 20819 | Lair:6   | Sixotanaka: lol
 20819 | Lair:6   | Fiveotanaka: i specifically tried to pick guys with not too shitty discipline
 20819 | Lair:6   | Fiveotanaka: looks like it didnt work all that well :P
 20819 | Lair:6   | Fiveotanaka: played 10 games in the season so far
 20819 | Lair:6   | Fiveotanaka: one guy in my team is 10th in the league in PIMs, hes only played 4 games
 20819 | Lair:6   | Sixotanaka: http://i.imgur.com/9YlhBZA.jpg
 20819 | Lair:6   | Fiveotanaka: peeing your pants is the opposite of a bold aim for the game :P
 20819 | Lair:6   | Fiveotanaka: wow
 20819 | Lair:6   | Fiveotanaka: the guy i have whos only played 4 games with 26 PIMS
 20819 | Lair:6   | Fiveotanaka: has only played 40 minutes of ice time
 20819 | Lair:6   | Fiveotanaka: compare that to the guy leading the league in PIMs, he has 40 PIMs in 130m of ice time
 20819 | Lair:6   | Sixotanaka: brb
 20819 | Lair:6   | Fiveotanaka: having my brekkie now heh
 20819 | Lair:6   | Fiveotanaka: after it I might start a mfgl
 20819 | Lair:6   | Fiveotanaka: of either oka or makhleb to keep streak going
 21461 | Lair:6   | Reached skill level 15 in Dodging
 22248 | Lair:7   | Reached XP level 14. HP: 81/94 MP: 25/25
 22270 | Lair:7   | Fiveotanaka: got my MfGl to the temple, oka but no mahkleb
 22273 | Lair:7   | Fiveotanaka: should i just go oka?
 22341 | Lair:6   | Reached skill level 16 in Dodging
 22540 | Lair:6   | Sixotanaka: sure
 22540 | Lair:6   | Sixotanaka: oka is strong
 23557 | Lair:8   | Entered Level 8 of the Lair of Beasts
 23712 | Lair:8   | Gained mutation: Your magical capacity is low (-10% MP). [Ru sacrifice]
 23712 | Lair:8   | Acquired Ru's fifth power
 23763 | Lair:8   | Reached skill level 17 in Dodging
 23770 | Lair:8   | Noticed Fannar
 23780 | Lair:8   | Killed Fannar
 24013 | Lair:8   | Found a staircase to the Slime Pits.
 24134 | Lair:8   | Fiveotanaka: damn, mak was on the same floor, oh well :P
 24147 | Lair:8   | Sixotanaka: lol
 24565 | Lair:8   | Reached skill level 18 in Dodging
 26208 | Lair:7   | Fiveotanaka: umm
 26208 | Lair:7   | Fiveotanaka: is a halberd a chopping type or piercing type weapon?
 26208 | Lair:7   | Fiveotanaka: its confusing on the wiki
 26208 | Lair:7   | Sixotanaka: idk
 26208 | Lair:7   | Fiveotanaka: " Chopping (Piercing)" wtf is that supposed to mean
 26208 | Lair:7   | Fiveotanaka: every other one says slicing/piercing/chopping
 26208 | Lair:7   | Fiveotanaka: but only one of those
 26208 | Lair:7   | Sixotanaka: if it's both piercing and chopping
 26208 | Lair:7   | Sixotanaka: it'll cut heads
 26208 | Lair:7   | Sixotanaka: i think
 26208 | Lair:7   | Fiveotanaka: damn
 26208 | Lair:7   | Fiveotanaka: okay
 26208 | Lair:7   | Fiveotanaka: i might just do orc first then and see how i go from there
 26208 | Lair:7   | Sixotanaka: i can look at source
 26208 | Lair:7   | Sixotanaka: i guess
 26242 | Lair:8   | Fiveotanaka: it sounds about right
 26268 | Lair:7   | Reached skill level 19 in Dodging
 26358 | Lair:7   | Fiveotanaka: ive just never really used polearms except for that MfGl
 26358 | Lair:7   | Fiveotanaka: MiGl*
 26358 | Lair:7   | Fiveotanaka: nvm, dead lol
 26358 | Lair:7   | Fiveotanaka: hydra came :P
 26358 | Lair:7   | Fiveotanaka: i guess i should have ran
 26358 | Lair:7   | Sixotanaka: lol
 26358 | Lair:7   | Fiveotanaka: i changed to trident but there were also a couple of orcs there
 26358 | Lair:7   | Fiveotanaka: so yeah
 26358 | Lair:7   | Fiveotanaka: my bad
 26358 | Lair:7   | Fiveotanaka: :P
 26358 | Lair:7   | Sixotanaka: looking for
 26358 | Lair:7   | Sixotanaka: cutting head
 26358 | Lair:7   | Sixotanaka: segment
 26358 | Lair:7   | Sixotanaka: lol
 26358 | Lair:7   | Sixotanaka: found hydra multi-head attack
 26358 | Lair:7   | Sixotanaka: ooh, hydras can attack multiple units
 26358 | Lair:7   | Sixotanaka: but only if they kill something
 26358 | Lair:7   | Sixotanaka: // Large (and above) monsters always thrash the net and destroy it { // e.g. ogre, large zombie (large); centaur, naga, hydra (big).
 26358 | Lair:7   | Fiveotanaka: does that also apply to player characters?
 26358 | Lair:7   | Sixotanaka: possibly
 26358 | Lair:7   | Sixotanaka: if you transform
 26358 | Lair:7   | Sixotanaka: if (dam_type != DVORP_SLICING && dam_type != DVORP_CHOPPING && dam_type != DVORP_CLAWING)
 26358 | Lair:7   | Sixotanaka: halberds are chopping
 26358 | Lair:7   | Fiveotanaka: ahh
 26358 | Lair:7   | Fiveotanaka: cheers
 26358 | Lair:7   | Fiveotanaka: trying my NaFE
 26358 | Lair:7   | Fiveotanaka: see if i can get a 15 rune run in
 26358 | Lair:7   | Fiveotanaka: and a full zig clear
 26358 | Lair:7   | Sixotanaka: lol
 26372 | Lair:7   | Reached XP level 15. HP: 94/98 MP: 23/23
 27455 | D:11     | Found Zacifomn's Food Shop.
 27467 | D:11     | Found a portal to a secret trove of treasure.
 28187 | D:12     | Found Kinaner's Armour Emporium.
 28196 | D:12     | Bought a +2 buckler for 165 gold pieces
 28236 | D:12     | Reached skill level 1 in Shields
 28563 | D:12     | Noticed DCMalleus' ghost (powerful KoAr)
 28606 | D:12     | Reached skill level 2 in Shields
 28759 | D:13     | Reached skill level 3 in Shields
 28792 | D:13     | Noticed Maurice
 28810 | D:13     | Killed Maurice
 28921 | D:13     | Reached skill level 4 in Shields
 29023 | D:13     | Fiveotanaka: skeletons dont turn on you if you attack them no?
 29035 | D:13     | Sixotanaka: they do
 29049 | D:13     | Fiveotanaka: damn, lol
 29071 | D:13     | Fiveotanaka: was considering picking up animate skele
 29092 | D:13     | Fiveotanaka: or should i still do that?
 29313 | D:13     | Reached skill level 5 in Shields
 29948 | D:12     | Killed DCMalleus' ghost
 30459 | D:13     | Noticed Josephine
 30465 | D:13     | Reached skill level 6 in Shields
 30588 | D:13     | Killed Josephine
 30877 | D:14     | Gained mutation: You are hated by all. [Ru sacrifice]
 30962 | D:14     | Found a gate to the Vaults.
 30971 | D:14     | Reached skill level 7 in Shields
 31171 | D:14     | Got a translucent platinum ring
 31211 | D:14     | Identified the ring of Eternal Harmony {rPois rF- Str+5 Int+4 Stlth+} (You found it on level 14 of the Dungeon)
 31305 | D:14     | Noticed Azrael
 31316 | D:15     | Entered Level 15 of the Dungeon
 32037 | D:15     | Reached skill level 8 in Shields
 32156 | D:15     | Found a staircase to the Depths.
 32179 | D:15     | Reached XP level 16. HP: 68/104 MP: 24/24
 32998 | D:15     | Gained mutation: You are clumsy. (Dex -2) [Ru sacrifice]
 33375 | D:14     | Killed Azrael
 33375 | D:14     | Reached skill level 9 in Shields
 33684 | D:14     | Found Egracs' Antique Weapon Emporium.
 33691 | D:14     | Sixotanaka: umm it's ok
 34115 | D:14     | Reached skill level 9 in Stealth
 34316 | Orc:1    | Entered Level 1 of the Orcish Mines
 34823 | Orc:2    | Found Ymaquaro's Quality Used Wands.
 35130 | Orc:2    | Noticed Snorg
 35155 | Orc:2    | Killed Snorg
 35161 | Orc:2    | Reached skill level 10 in Stealth
 35369 | Orc:3    | Found a staircase to the Elven Halls.
 35439 | Orc:3    | Found Egykuq's Assorted Antiques.
 35447 | Orc:3    | Bought a slimy ring mail for 279 gold pieces
 35447 | Orc:3    | Bought a scroll of identify for 62 gold pieces
 35447 | Orc:3    | Bought an ivory ring for 155 gold pieces
 35447 | Orc:3    | Bought 2 scrolls of identify for 124 gold pieces
 35471 | Orc:3    | Identified the +1 ring mail "Cloa" {-Tele MP-9 Str+6 SInv} (You bought it in a shop on level 3 of the Orcish Mines)
 35884 | Orc:4    | Entered Level 4 of the Orcish Mines
 36276 | Orc:4    | Found Unga's Gadget Boutique.
 36276 | Orc:4    | Found Toarui's Assorted Antiques.
 36282 | Orc:4    | Reached skill level 11 in Stealth
 36434 | Orc:4    | Reached skill level 12 in Stealth
 36472 | Orc:4    | Cast into the Abyss (an ogre mage)
 36529 | Abyss:1  | Found a bloodstained altar of Trog.
 36589 | Abyss:1  | Found a roughly hewn altar of Beogh.
 36736 | Abyss:1  | Noticed a bone dragon
 36811 | Abyss:1  | Reached skill level 13 in Stealth
 36988 | Abyss:1  | Noticed a tentacled starspawn
 36997 | Abyss:1  | Killed a tentacled starspawn
 37134 | Abyss:1  | Noticed a profane servitor
 37221 | Abyss:1  | Fiveotanaka: i think im going okay so far
 37243 | Abyss:1  | Fiveotanaka: for one im alive
 37260 | Abyss:1  | Fiveotanaka: ppp
 37267 | Abyss:1  | Fiveotanaka: ooo
 37270 | Abyss:1  | Fiveotanaka: abyss
 37273 | Abyss:1  | Reached skill level 14 in Stealth
 37282 | Abyss:1  | Fiveotanaka: gl
 37282 | Abyss:1  | Sixotanaka: ogre wizard
 37282 | Abyss:1  | Sixotanaka: blinked on top of me
 37282 | Abyss:1  | Sixotanaka: and then abyssed me next turn
 37282 | Abyss:1  | Sixotanaka: rofl
 37348 | Abyss:1  | Fiveotanaka: sounds like a pom=pyro
 37376 | Abyss:1  | Sixotanaka: eh? nothing like that
 37404 | Abyss:1  | Fiveotanaka: well you should get some decent xp if you make it out alive
 37426 | Abyss:1  | Sixotanaka: ya
 37484 | Abyss:1  | HP: 5/83 [large abomination (25)]
 37615 | Abyss:1  | Fiveotanaka: nice muts
 37621 | Abyss:1  | Sixotanaka: lol
 37621 | Abyss:1  | Sixotanaka: most of those are ru
 37835 | Abyss:1  | Fiveotanaka: i managed to get a staff of energy early on
 37847 | Abyss:1  | Fiveotanaka: and have bolt of fire at 4% before lair
 37848 | Abyss:1  | Sixotanaka: lol
 37882 | Abyss:1  | Fiveotanaka: i hope thats enough to propel me to the next part of the game
 37898 | Abyss:1  | Fiveotanaka: still dont know how to skill a magic user
 37961 | Abyss:1  | Reached skill level 15 in Stealth
 37978 | Abyss:1  | Noticed a lich
 37997 | Abyss:1  | Killed a lich
 38009 | Abyss:1  | HP: 9/93 [large abomination (28)]
 38013 | Abyss:1  | Fiveotanaka: wow
 38019 | Abyss:1  | Fiveotanaka: this is intense
 38089 | Abyss:1  | Sixotanaka: abyss is fun man
 38089 | Abyss:1  | Sixotanaka: i really enjoy it
 38193 | Abyss:1  | Noticed a tentacled starspawn
 38205 | Abyss:1  | Fiveotanaka: time to create a DCSS abyss clone game
 38285 | Abyss:1  | Reached XP level 17. HP: 83/97 MP: 22/22
 38340 | Abyss:1  | Fiveotanaka: imagine if that was an acq scroll
 38355 | Abyss:1  | Noticed a tentacled starspawn
 38417 | Abyss:1  | Fiveotanaka: have you gained an entire level here so far?
 39180 | Abyss:1  | Fiveotanaka: lol
 39453 | Abyss:1  | Reached skill level 16 in Stealth
 39527 | Abyss:1  | Sixotanaka: i think so
 39673 | Abyss:1  | Noticed a tentacled starspawn
 39685 | Abyss:1  | Killed a tentacled starspawn
 39767 | Abyss:1  | Fiveotanaka: the game is keeping you out of trouble
 39772 | Abyss:1  | Identified the Reference Book on Excruciating Lightness
 39778 | Abyss:1  | Found a corrupted altar of Lugonu.
 39779 | Abyss:1  | Sixotanaka: i was fine with that
 39822 | Abyss:1  | Noticed an ancient lich
 39822 | Abyss:1  | Sixotanaka: hmm
 39822 | Abyss:1  | Fiveotanaka: well
 39844 | Abyss:1  | Found a corrupted altar of Lugonu.
 39857 | Abyss:1  | Sixotanaka: 2sneaky
 39857 | Abyss:1  | Fiveotanaka: best place to level stealth
 39898 | Abyss:1  | Noticed a bone dragon
 39928 | Abyss:1  | HP: 27/108 [acid (7)]
 39932 | Abyss:1  | Killed an ancient lich
 40002 | Abyss:1  | Noticed a tentacled starspawn
 40002 | Abyss:1  | Sixotanaka: just killed another alich
 40002 | Abyss:1  | Sixotanaka: lol
 40012 | Abyss:1  | Killed a tentacled starspawn
 40121 | Abyss:1  | Fiveotanaka: levelliong up fast
 40125 | Abyss:1  | Noticed a lich
 40172 | Abyss:1  | Noticed a tentacled starspawn
 40190 | Abyss:1  | Killed a tentacled starspawn
 40233 | Abyss:1  | Reached skill level 14 in Fighting
 40246 | Abyss:1  | Noticed a tentacled starspawn
 40249 | Abyss:1  | Noticed a tentacled starspawn
 40250 | Abyss:1  | Noticed a tentacled starspawn
 40431 | Abyss:1  | Killed a tentacled starspawn
 40520 | Abyss:1  | Noticed a tentacled monstrosity
 40670 | Abyss:1  | Noticed a tentacled starspawn
 40676 | Abyss:1  | Noticed a tentacled starspawn
 40683 | Abyss:1  | Found a roughly hewn altar of Beogh.
 40692 | Abyss:1  | HP: 20/111 [quicksilver dragon skeleton (15)]
 40747 | Abyss:1  | Gained mutation: You are very clumsy. (Dex -4) [a cacodemon]
 40760 | Orc:4    | Escaped the Abyss
 40761 | Orc:4    | Fiveotanaka: wow
 40945 | Orc:4    | Fiveotanaka: this is a huge breeze comparatively aye
 41073 | Orc:4    | Found Ginkantu's Antique Weapon Shoppe.
 41073 | Orc:4    | Found Loulezal's Antique Weapon Shop.
 41082 | Orc:4    | Fiveotanaka: thuoght you were dead so many times then
 41457 | Orc:3    | Sixotanaka: lol
 41457 | Orc:3    | Sixotanaka: nah
 41457 | Orc:3    | Sixotanaka: only near the end
 41457 | Orc:3    | Sixotanaka: was i at risk
 41663 | Snake:1  | Entered Level 1 of the Snake Pit
 41686 | Snake:1  | Noticed Meow's ghost (powerful OpWz)
 41687 | Snake:1  | Fiveotanaka: thats what I meant
 41690 | Snake:1  | Fiveotanaka: at the end
 41797 | Snake:1  | Killed Meow's ghost
 41931 | Snake:1  | Reached skill level 15 in Fighting
 41978 | Snake:1  | Noticed Nikola
 41984 | Snake:1  | Killed Nikola
 43182 | D:8      | Killed Grum
 43943 | Snake:2  | Reached skill level 16 in Fighting
 43965 | Snake:2  | Reached XP level 18. HP: 62/120 MP: 26/26
 44991 | Snake:2  | Reached skill level 17 in Fighting
 45283 | Snake:3  | Fiveotanaka: lagging again
 47057 | Snake:4  | Reached skill level 18 in Fighting
 47119 | Snake:4  | Noticed Aizul
 47123 | Snake:4  | Killed Aizul
 47765 | Snake:4  | Found Quceulu's Gadget Shop.
 47779 | Snake:4  | Bought a wand of hasting (3) for 588 gold pieces
 47984 | D:11     | You paid a toll of a wand of hasting (9) to enter a treasure trove
 47985 | Trove    | Entered a treasure trove
 48025 | Trove    | Got a fine hat
 48037 | Trove    | Identified the +1 hat "Ziuded" {rC+ SInv} (You found it in a treasure trove)
 48079 | Trove    | Got a slimy helmet
 48090 | Trove    | Identified the +1 helmet of Amorality {+Fly rC- Slay+3 SInv} (You found it in a treasure trove)
 48120 | Trove    | Got a crude buckler
 48131 | Trove    | Identified the +0 buckler of Restlessness {rF- rC+ rCorr Str+6} (You found it in a treasure trove)
 48874 | Snake:5  | Entered Level 5 of the Snake Pit
 49151 | Snake:5  | Reached skill level 19 in Fighting
 49543 | Snake:5  | Reached XP level 19. HP: 132/132 MP: 26/26
 49659 | Snake:5  | Identified 2 scrolls of acquirement
 49661 | Snake:5  | Got a distressingly furry scale mail
 49675 | Snake:5  | Identified the +4 scale mail "Phyasu Psan" {-Cast rPois rN+ Slay+3} (You acquired it on level 5 of the Snake Pit)
 50019 | Snake:5  | zzxc: pretty strong
 50020 | Snake:5  | Sixotanaka: ya
 50049 | Snake:5  | Sixotanaka: i prefer the mottled
 50049 | Snake:5  | Sixotanaka: but i really need rpois
 50049 | Snake:5  | Sixotanaka: for this
 50100 | Snake:5  | zzxc: what are you wearing?
 50100 | Snake:5  | zzxc: oic
 50100 | Snake:5  | Sixotanaka: opened a nice trove
 50100 | Snake:5  | Sixotanaka: sick gloves
 50100 | Snake:5  | zzxc: your cloak has rpois
 50100 | Snake:5  | zzxc: ...
 50100 | Snake:5  | Sixotanaka: o
 50100 | Snake:5  | Sixotanaka: derp
 50139 | Snake:5  | zzxc: u amazing penguin
 50167 | Snake:5  | zzxc: should I make a kobold?
 50167 | Snake:5  | Sixotanaka: uh they seem pretty strong
 50167 | Snake:5  | Sixotanaka: man i got abyssed
 50167 | Snake:5  | Sixotanaka: in orc
 50167 | Snake:5  | Sixotanaka: spent 2 levels there
 50167 | Snake:5  | Sixotanaka: was awesome fun
 50167 | Snake:5  | Sixotanaka: actually
 50167 | Snake:5  | zzxc: distortion weapon?
 50173 | Snake:5  | Sixotanaka: nah it was a mage
 50173 | Snake:5  | Sixotanaka: he blinked on top of me
 50173 | Snake:5  | Sixotanaka: and then abyssed me
 50173 | Snake:5  | zzxc: deep elf?
 50173 | Snake:5  | Sixotanaka: next turn
 50173 | Snake:5  | Sixotanaka: ogre
 50220 | Snake:5  | zzxc: o
 50438 | Snake:5  | Sixotanaka: also
 50438 | Snake:5  | Sixotanaka: combined with ru aura
 50438 | Snake:5  | zzxc: if I go kobold it wont be ru
 50438 | Snake:5  | Sixotanaka: i'm really tanky
 50452 | Snake:5  | zzxc: probably kiku
 50513 | Snake:5  | Got a serpentine rune of Zot
 50514 | Snake:5  | zzxc: considering HuFi tho
 50720 | Snake:4  | zzxc: would be nice to resrve Fi for something harder down the road like MuFi
 50720 | Snake:4  | Sixotanaka: lol
 50720 | Snake:4  | Sixotanaka: sure
 50720 | Snake:4  | zzxc: but might not reach that
 50720 | Snake:4  | zzxc: priority must be to get easy wins early
 50720 | Snake:4  | zzxc: DECj is an easy one
 50720 | Snake:4  | zzxc: but I just did vehumet
 50720 | Snake:4  | zzxc: DEEE maybe
 50720 | Snake:4  | zzxc: never done that
 50720 | Snake:4  | Sixotanaka: DEEE seems weak to me
 50720 | Snake:4  | Sixotanaka: EE requires lots of melee at start imo
 50720 | Snake:4  | Sixotanaka: or close melee
 50720 | Snake:4  | zzxc: you can get stone arrow up fast
 50720 | Snake:4  | Sixotanaka: i guess
 50720 | Snake:4  | Sixotanaka: early on is gonna be a nightmare tho
 50720 | Snake:4  | zzxc: leaning towards HuFi
 50720 | Snake:4  | zzxc: for 14th
 50720 | Snake:4  | Sixotanaka: HuFi probs good
 50720 | Snake:4  | zzxc: then I can pick between
 50720 | Snake:4  | zzxc: SpEn
 50720 | Snake:4  | zzxc: Kox
 50720 | Snake:4  | zzxc: DEx
 50720 | Snake:4  | zzxc: HE is left as well
 50720 | Snake:4  | zzxc: ghoul
 50720 | Snake:4  | zzxc: +10% hp
 50720 | Snake:4  | zzxc: but no background with unarmed is left
 50720 | Snake:4  | zzxc: except Fi
 50720 | Snake:4  | Sixotanaka: lol
 50720 | Snake:4  | zzxc: ogre is still left
 50720 | Snake:4  | zzxc: got no real good bakcground for it tho
 50720 | Snake:4  | zzxc: maybe AM
 50720 | Snake:4  | Sixotanaka: where next you think
 50720 | Snake:4  | Sixotanaka: i was thinking vaults
 50720 | Snake:4  | Sixotanaka: shoals is always nightmarish for me
 50720 | Snake:4  | Sixotanaka: but vaults coul dbe the same
 50720 | Snake:4  | zzxc: this was first rune?
 50720 | Snake:4  | Sixotanaka: ye
 50720 | Snake:4  | zzxc: have you done any shoals?
 50720 | Snake:4  | Sixotanaka: i guess i could do a1-4
 50720 | Snake:4  | zzxc: whats your MR
 50720 | Snake:4  | zzxc: can you increase that
 50720 | Snake:4  | zzxc: I like MR+++ for vaults
 50720 | Snake:4  | Sixotanaka: not really
 50720 | Snake:4  | zzxc: probably shoals then
 50720 | Snake:4  | zzxc: trick for shoals is to go really slowly
 50720 | Snake:4  | zzxc: and kite a lot
 50720 | Snake:4  | Sixotanaka: mr is a big reason i have passed a bunch of ru sacrifices
 50793 | Shoals:1 | Entered Level 1 of the Shoals
 50794 | Shoals:1 | zzxc: eww
 50794 | Shoals:1 | Sixotanaka: keeps wanting me to sac it
 50794 | Shoals:1 | Sixotanaka: i could just
 50794 | Shoals:1 | zzxc: unlucky entrance
 50794 | Shoals:1 | Sixotanaka: nuke
 50794 | Shoals:1 | zzxc: you could stairdance
 50794 | Shoals:1 | Sixotanaka: well yeah
 50794 | Shoals:1 | Sixotanaka: that too
 50794 | Shoals:1 | zzxc: the harpies wont really come up
 50794 | Shoals:1 | zzxc: maybe jujmp at them?
 50794 | Shoals:1 | zzxc: kill a few
 50794 | Shoals:1 | zzxc: but the problem is if they throw a net at you
 50794 | Shoals:1 | zzxc: but I guess ur small
 50794 | Shoals:1 | Sixotanaka: ya
 50794 | Shoals:1 | zzxc: your defenses are good tho
 50794 | Shoals:1 | zzxc: this is not especially scary
 50794 | Shoals:1 | zzxc: you should learn rmsl tho
 50794 | Shoals:1 | zzxc: if you can find it
 50794 | Shoals:1 | zzxc: looked up how it works
 50794 | Shoals:1 | zzxc: it seems it scales really well off EV
 50794 | Shoals:1 | zzxc: because rmsl changes the monster accuracy to 0-100% of it
 50794 | Shoals:1 | zzxc: or was it 50-100
 50794 | Shoals:1 | zzxc: whereas dmsl is 0-15
 50794 | Shoals:1 | zzxc: 0-50
 50794 | Shoals:1 | zzxc: *
 50794 | Shoals:1 | zzxc: and because of the way EV works
 50794 | Shoals:1 | zzxc: you can pretty much reduce it to 0
 50794 | Shoals:1 | zzxc: with any sort of reduction
 50794 | Shoals:1 | zzxc: in acc
 50794 | Shoals:1 | zzxc: if you have a lot of ev
 50794 | Shoals:1 | zzxc: might do HuFi HECj SpEn
 50794 | Shoals:1 | Sixotanaka: o yeah
 50794 | Shoals:1 | Sixotanaka: spen worth a lot of tourny points
 50794 | Shoals:1 | Sixotanaka: for some reason
 50794 | Shoals:1 | zzxc: SpEn not as easy as all that
 50794 | Shoals:1 | zzxc: not as easy as a faceroll melee char
 50794 | Shoals:1 | zzxc: when it gets going
 50794 | Shoals:1 | Sixotanaka: ya
 50794 | Shoals:1 | Sixotanaka: but i mean
 50794 | Shoals:1 | Sixotanaka: still strong
 50794 | Shoals:1 | zzxc: its strong
 50794 | Shoals:1 | zzxc: but
 50794 | Shoals:1 | zzxc: it's like stacking ev
 50794 | Shoals:1 | zzxc: in terms of streaking
 50794 | Shoals:1 | Sixotanaka: ya
 50794 | Shoals:1 | zzxc: you're likely to win it
 50794 | Shoals:1 | zzxc: but
 50794 | Shoals:1 | zzxc: if things go wronfg
 50794 | Shoals:1 | Sixotanaka: u should have seen my sick ninjas
 50794 | Shoals:1 | Sixotanaka: in abyss
 50794 | Shoals:1 | Sixotanaka: i was like dodging around anything scary
 50794 | Shoals:1 | Sixotanaka: with stealth
 50794 | Shoals:1 | Sixotanaka: even killed a greater lich
 50804 | Lair:3   | Reached skill level 20 in Fighting
 50940 | Lair:3   | zzxc: is that a normal shield
 50940 | Lair:3   | zzxc: I want to know why nets are so good against ancient liches
 50940 | Lair:3   | Sixotanaka: because i one shot it while it was in the net
 50940 | Lair:3   | zzxc: are they that good against normal-sized enemies in general? and we just don't notice it cos we don't use them often?
 50940 | Lair:3   | Sixotanaka: yes good against normal sized non-fast non-berserking
 50940 | Lair:3   | Sixotanaka: with lower EV
 50940 | Lair:3   | Sixotanaka: yeah normal shield
 50940 | Lair:3   | Sixotanaka: idk
 50940 | Lair:3   | zzxc: what skill does it take
 50940 | Lair:3   | Sixotanaka: lots of skill to remove penalty but
 50940 | Lair:3   | Sixotanaka: 21 or something
 50940 | Lair:3   | zzxc: wtf
 50940 | Lair:3   | Sixotanaka: doesn't seem to be impacting me much
 50941 | Lair:3   | zzxc: not sure that was worth it
 50948 | Lair:3   | Sixotanaka: .1 attack time
 50948 | Lair:3   | Sixotanaka: haven't missed because of it
 50953 | Lair:3   | zzxc: cant cast spells
 50953 | Lair:3   | zzxc: more or less
 50953 | Lair:3   | Sixotanaka: i dont have spells
 50953 | Lair:3   | zzxc: oic
 50953 | Lair:3   | zzxc: do you havhe wand of tele
 50953 | Lair:3   | Sixotanaka: see?
 50953 | Lair:3   | Sixotanaka: no
 50953 | Lair:3   | Fiveotanaka: my naga is still alive
 50953 | Lair:3   | Sixotanaka: could buy
 50953 | Lair:3   | zzxc: you cant use wands?
 50953 | Lair:3   | Sixotanaka: uh i can?
 50953 | Lair:3   | zzxc: or are you wearing -tele
 50953 | Lair:3   | Sixotanaka: no?
 50953 | Lair:3   | Sixotanaka: they are 0 charges
 50953 | Lair:3   | Sixotanaka: from a shop
 50953 | Lair:3   | zzxc: why's it greyed out
 50953 | Lair:3   | zzxc: ohhh
 50953 | Lair:3   | Fiveotanaka: eating dinner so watching you :P
 50953 | Lair:3   | Sixotanaka: not doing much
 50953 | Lair:3   | Fiveotanaka: i had another streak
 50953 | Lair:3   | Fiveotanaka: but it only counts your biggest one
 50953 | Lair:3   | Fiveotanaka: they dont stack scorewise
 50953 | Lair:3   | Fiveotanaka: ive been a bit lucky on the naga btw
 50953 | Lair:3   | Fiveotanaka: had staff of energy on d4
 50953 | Lair:3   | Fiveotanaka: if all goes well ill have the get to L8 without one skill 13 or above
 50953 | Lair:3   | zzxc: ya
 50953 | Lair:3   | zzxc: not hard
 50953 | Lair:3   | zzxc: also
 50953 | Lair:3   | zzxc: I could've won my last char
 50953 | Lair:3   | zzxc: without getting skills to 20
 50953 | Lair:3   | zzxc: but I raised Cj to 20.0 by accident
 50953 | Lair:3   | Fiveotanaka: damn
 50953 | Lair:3   | zzxc: due to
 50953 | Lair:3   | zzxc: potion of exeprience
 50953 | Lair:3   | zzxc: lol
 50953 | Lair:3   | Fiveotanaka: i had a xp pot on my naga
 50953 | Lair:3   | Fiveotanaka: had to be careful
 50953 | Lair:3   | zzxc: 19.5 -> 20.0
 50953 | Lair:3   | zzxc: nicce round number
 50953 | Lair:3   | zzxc: do it
 50953 | Lair:3   | zzxc: o woops
 50953 | Lair:3   | Fiveotanaka: i was considering bringing poison magic to 10.0 from 0 but i had no poison spells
 50953 | Lair:3   | Sixotanaka: lol
 50953 | Lair:3   | Fiveotanaka: so i raised fighting instead
 50953 | Lair:3   | Fiveotanaka: free 20hp, ill take it
 50953 | Lair:3   | zzxc: 20hp?
 50953 | Lair:3   | Fiveotanaka: level + +fightingskill
 50953 | Lair:3   | Fiveotanaka: it went from 5 to 9.3
 50953 | Lair:3   | zzxc: 5...
 50953 | Lair:3   | zzxc: at what xl?
 50953 | Lair:3   | Fiveotanaka: its 13 now
 50953 | Lair:3   | zzxc: I guess that's kinda low
 50953 | Lair:3   | zzxc: low enough to have it on 5
 50953 | Lair:3   | zzxc: lol
 50953 | Lair:3   | zzxc: try to win without raising skills to 13...
 50953 | Lair:3   | zzxc: very hard
 50953 | Lair:3   | Fiveotanaka: my skills are in my game atm
 50953 | Lair:3   | Fiveotanaka: im not quite sure how to skill it all
 50953 | Lair:3   | zzxc: killdudes skills until you can killdudes
 50953 | Lair:3   | zzxc: then defense
 50953 | Lair:3   | zzxc: back to killdudes if you cant killdudes
 50953 | Lair:3   | Fiveotanaka: 10/14 AC/EV atm
 50953 | Lair:3   | Fiveotanaka: 9.3 fight, 10.1 dodge, 8.1 spc, 10.7 conj, 10 FM, 6.2 stealth right now
 50953 | Lair:3   | Fiveotanaka: bolt of fire + staff of energy should make things a bit easier however
 51117 | Shoals:1 | Fiveotanaka: whats next on your winlist btw?
 51117 | Shoals:1 | zzxc: HuFi HECj SpEn probably
 51117 | Shoals:1 | Fiveotanaka: if you get 3 more around our score we could probably be a top 10 clan :P
 51117 | Shoals:1 | zzxc: but nervous
 51117 | Shoals:1 | zzxc: but ill start
 53503 | Shoals:3 | Reached skill level 21 in Fighting
 53702 | Shoals:3 | Noticed Mara
 53718 | Shoals:3 | Killed Mara
 54708 | Shoals:4 | Found a snail-covered altar of Cheibriados.
 54807 | Shoals:4 | Learned a level 2 spell: Repel Missiles
 55087 | Shoals:4 | Reached skill level 1 in Air Magic
 55187 | Shoals:4 | Reached skill level 1 in Charms
 55309 | Shoals:4 | Gained mutation: Your flesh is cold resistant. [potion of beneficial mutation]
 55415 | Shoals:4 | Reached skill level 2 in Air Magic
 55415 | Shoals:4 | Reached XP level 20. HP: 83/144 MP: 27/27
 55701 | Shoals:5 | Entered Level 5 of the Shoals
 55740 | Shoals:5 | Reached skill level 2 in Charms
 55812 | Shoals:5 | Reached skill level 3 in Air Magic
 55876 | Shoals:5 | Got a pair of slimy gloves
 55887 | Shoals:5 | Identified the cursed -3 pair of gloves "Yckyg" {Str+4} (You found it on level 5 of the Shoals)
 56030 | Shoals:5 | Reached skill level 3 in Charms
 56042 | Shoals:5 | Got a shimmering marble ring
 56046 | Shoals:5 | Identified the ring "Freug" {+Fly Int+4 Slay+3} (You found it on level 5 of the Shoals)
 56062 | Shoals:5 | Noticed Ilsuiw
 56152 | Shoals:5 | Killed Ilsuiw
 56152 | Shoals:5 | Reached skill level 4 in Air Magic
 56752 | Shoals:5 | Identified the Compendium of Shape Shifting and Earth
 56847 | Shoals:5 | Reached skill level 5 in Air Magic
 56866 | Shoals:5 | Reached skill level 4 in Charms
 57337 | Shoals:5 | Got a barnacled rune of Zot
 57483 | Shoals:5 | Reached skill level 6 in Air Magic
 57610 | Shoals:5 | Reached skill level 5 in Charms
 58045 | Lair:2   | Killed a six-headed hydra
 58471 | Vaults:1 | Entered Level 1 of the Vaults
 58504 | Vaults:1 | Reached skill level 7 in Air Magic
 58516 | Vaults:1 | Noticed Jorgrun
 58524 | Vaults:1 | Killed Jorgrun
 58848 | Vaults:1 | Reached skill level 6 in Charms
 59050 | Vaults:1 | Reached skill level 8 in Air Magic
 59783 | Vaults:1 | Reached XP level 21. HP: 78/150 MP: 19/27
 60326 | Vaults:1 | Reached skill level 22 in Fighting
 61718 | Vaults:2 | Found a staircase to the Crypt.
 61722 | Vaults:2 | Reached skill level 23 in Fighting
 62479 | Vaults:2 | Found Geurref's Assorted Antiques.
 62485 | Vaults:2 | Bought a potion of haste for 300 gold pieces
 62548 | Vaults:2 | Found an ancient bone altar of Kikubaaqudgha.
 63319 | Vaults:3 | Reached XP level 22. HP: 154/161 MP: 27/27
 63470 | Vaults:3 | Reached skill level 24 in Fighting
 63815 | Vaults:3 | Gained mutation: You are very dopey. (Int -4) [Ru sacrifice]
 65675 | Vaults:4 | Gained mutation: Your casting is disrupted. [Ru sacrifice]
 66069 | Vaults:4 | Paralysed by an orc sorcerer for 3 turns
 66082 | Vaults:4 | Reached skill level 25 in Fighting
 66320 | Vaults:4 | Noticed Boris
 66323 | Vaults:4 | Killed Boris
 66323 | Vaults:4 | Reached skill level 7 in Charms
 66865 | Depths:1 | Entered Level 1 of the Depths
 66891 | Depths:1 | Reached skill level 9 in Air Magic
 67223 | Depths:1 | Found a one-way gate to the infinite horrors of the Abyss.
 67286 | Depths:1 | Reached XP level 23. HP: 170/170 MP: 28/28
 67501 | Depths:1 | Reached skill level 8 in Charms
 67646 | Depths:1 | Found a gateway to Hell.
 67949 | Depths:1 | Found a one-way gate leading to the halls of Pandemonium.
 67957 | Depths:1 | Gained mutation: You tend to lose your temper in combat. [a cacodemon]
 68200 | D:13     | Lost mutation: You are very clumsy. (Dex -4) [potion of cure mutation]
 68200 | D:13     | Lost mutation: You tend to lose your temper in combat. [potion of cure mutation]
 68200 | D:13     | Lost mutation: Your flesh is cold resistant. [potion of cure mutation]
 68502 | Depths:2 | Reached skill level 10 in Air Magic
 69291 | Depths:2 | Reached skill level 9 in Charms
 69402 | Depths:2 | Found Ghe Cae's Book Shoppe.
 69411 | Depths:2 | Bought a book of Battle for 800 gold pieces
 69415 | Depths:2 | Learned a level 3 spell: Regeneration
 69418 | Depths:2 | Learned a level 2 spell: Shroud of Golubria
 70722 | Depths:3 | Found a glowing golden altar of the Shining One.
 70851 | Depths:3 | Reached skill level 10 in Charms
 71060 | Depths:2 | Reached XP level 24. HP: 102/178 MP: 28/28
 71268 | Depths:3 | Reached skill level 26 in Fighting
 71318 | Depths:3 | Reached skill level 4 in Throwing
 71497 | Depths:3 | Reached skill level 5 in Throwing
 71512 | Depths:3 | Got a coiled bronze ring
 71524 | Depths:3 | Identified the ring "Icvaes Dyj" {+Fly rPois rF- MP+9 Str+6 Int+4} (You took it off a deep elf fighter on level 3 of the Depths)
 71555 | Depths:3 | Learned a level 1 spell: Apportation
 71809 | Depths:3 | Found a shadowy altar of Dithmenos.
 71811 | Depths:3 | Found a gateway to a ziggurat.
 71836 | Depths:3 | Reached skill level 6 in Throwing
 71954 | Depths:3 | Found an ancient bone altar of Kikubaaqudgha.
 71969 | Depths:3 | Cast into the Abyss (a deep elf sorcerer)
 72116 | Abyss:1  | Reached skill level 7 in Throwing
 72123 | Abyss:2  | Found a corrupted altar of Lugonu.
 72385 | Depths:3 | Escaped the Abyss
 72418 | Depths:3 | Reached skill level 10 in Shields
 72702 | Depths:3 | Reached skill level 8 in Throwing
 72811 | Depths:3 | Gained mutation: You tend to lose your temper in combat. [a shining eye]
 72937 | Depths:3 | Found a snail-covered altar of Cheibriados.
 73386 | Depths:3 | Reached skill level 9 in Throwing
 73824 | Depths:4 | Noticed a caustic shrike
 73826 | Depths:4 | Noticed a caustic shrike
 73827 | Depths:4 | Noticed a caustic shrike
 73842 | Depths:4 | Killed a caustic shrike
 73877 | Depths:4 | Noticed a caustic shrike
 73883 | Depths:4 | Noticed a caustic shrike
 73888 | Depths:4 | Killed a caustic shrike
 73888 | Depths:4 | Reached skill level 10 in Throwing
 74281 | Depths:4 | Noticed a caustic shrike
 74287 | Depths:4 | Killed a caustic shrike
 74336 | Depths:4 | Killed a caustic shrike
 74344 | Depths:4 | Reached skill level 11 in Shields
 74349 | Depths:4 | Got a slimy turquoise ring
 74362 | Depths:4 | Identified the cursed ring "Irirug" {AC-2 Dex+6} (You took it off a yaktaur on level 4 of the Depths)
 74412 | Depths:4 | Reached skill level 11 in Throwing
 74547 | Depths:4 | Noticed Boris
 74568 | Depths:4 | Killed Boris
 74727 | Depths:4 | Killed a caustic shrike
 74788 | Depths:4 | Reached XP level 25. HP: 184/184 MP: 29/29
 74825 | Depths:4 | Reached skill level 12 in Throwing
 74945 | Depths:5 | Entered Level 5 of the Depths
 74948 | Depths:5 | Noticed Boris
 74986 | Depths:5 | Killed Boris
 75406 | Depths:5 | Reached skill level 13 in Throwing
 75422 | Depths:5 | Reached skill level 12 in Shields
 75740 | Depths:4 | Killed a caustic shrike
 75803 | Depths:3 | Got a translucent shield
 75814 | Depths:3 | Identified the +6 shield of Waujiki {rC- Int+5 Dex+5 Stlth+} (You took it off a deep elf conjurer on level 3 of the Depths)
 76095 | Depths:5 | Reached skill level 14 in Throwing
 76263 | Depths:5 | Found a gate to the Realm of Zot.
 77135 | Depths:5 | Reached skill level 15 in Throwing
 77329 | Depths:5 | Reached skill level 13 in Shields
 78024 | Vaults:5 | Entered Level 5 of the Vaults
 78041 | Vaults:5 | Reached XP level 26. HP: 155/190 MP: 23/29
 78048 | Vaults:5 | Reached skill level 16 in Throwing
 78098 | Vaults:5 | Noticed an ancient lich
 78455 | Vaults:4 | Killed an ancient lich
 78586 | Vaults:5 | Reached skill level 9 in Evocations
 78611 | Vaults:5 | HP: 45/190 [storm dragon (4)]
 78645 | Vaults:5 | HP: 43/190 [titan/the air (35)]
 78647 | Vaults:5 | Fiveotanaka: mark sucks
 78647 | Vaults:5 | Sixotanaka: it's not even mark
 78653 | Vaults:5 | Reached skill level 10 in Evocations
 78660 | Vaults:5 | HP: 45/190 [vault warden/war axe of chopping (5)]
 78665 | Vaults:5 | HP: 47/190 [tentacled monstrosity (1)]
 78675 | Vaults:5 | HP: 47/190 [shadow dragon (8)]
 78689 | Vaults:5 | HP: 41/191 [shadow dragon (10)]
 78709 | Vaults:5 | Got a pitted bone ring
 78721 | Vaults:5 | HP: 41/191 [storm dragon (9)]
 78727 | Vaults:5 | Killed from afar by a storm dragon

Vanquished Creatures
  2 ancient liches
  Boris (thrice) (Vaults:4 Depths:4 Depths:5)
  6 caustic shrikes (Depths:4)
  Mara (Shoals:3)
  3 golden dragons
  A bone dragon (Depths:5)
  Nikola (Snake:1)
  2 tentacled monstrosities
  A quicksilver dragon (Depths:3)
  A deep elf blademaster (Depths:3)
  5 liches
  5 titans
  A kraken (Shoals:4)
  An octopode crusher (Depths:5)
  3 sphinxes
  5 tentacled starspawn (Abyss:1)
  4 tengu reavers
  5 storm dragons
  4 shadow dragons
  Ilsuiw (Shoals:5)
  2 fire giants
  A cacodemon (Depths:1)
  6 greater nagas
  An iron dragon (Vaults:4)
  Aizul (Snake:4)
  3 frost giants
  11 vault wardens
  2 deep elf sorcerers (Depths:3)
  15 ironheart preservers
  2 war gargoyles
  Jorgrun (Vaults:1)
  3 emperor scorpions
  14 very ugly things
  2 spriggan defenders (Depths:5)
  A draconian shifter (Depths:5)
  12 stone giants
  A reaper (Depths:3)
  2 grey draconians (Depths:5)
  A vampire knight (Depths:1)
  4 rakshasas
  A salamander firebrand (Depths:2)
  A purple draconian (Depths:5)
  A black draconian (Depths:5)
  Azrael (D:14)
  A dire elephant (shapeshifter) (Depths:1)
  3 deep elf demonologists
  The ghost of DCMalleus the Warrior, a powerful KoAr of Ashenzari (D:12)
  A red draconian (Depths:5)
  5 deep elf annihilators
  2 lorocyprocas (Abyss:1)
  A white draconian (Depths:5)
  7 dire elephants
  7 merfolk javelineers (Shoals:5)
  Snorg (Orc:2)
  3 deep elf death magi
  28 vault guards
  7 fire dragons
  6 deep elf high priests
  3 minotaurs
  9 merfolk impalers
  A blizzard demon (Depths:3)
  9 ettins
  The ghost of Meow the Nimble, a powerful OpWz of Okawaru (Snake:1)
  Josephine (D:13)
  An eidolon (Abyss:1)
  11 yaktaur captains
  Fannar (Lair:8)
  A caustic shrike simulacrum (Depths:3)
  A quicksilver dragon skeleton (Abyss:1)
  9 great orbs of eyes
  7 ice dragons
  A spriggan air mage (Depths:4)
  13 naga warriors
  A monstrous demonspawn (Depths:1)
  4 catoblepae (Lair:8)
  2 merfolk avatars (Shoals:3)
  3 alligator snapping turtles
  3 hydras
  4 merfolk aquamancers
  11 ogre magi
  13 anacondas
  11 centaur warriors
  23 death yaks
  7 starcursed masses (Abyss:1)
  A tengu warrior (Depths:2)
  8 deep troll shamans
  9 deep troll earth magi
  2 vampire magi
  5 thrashing horrors
  10 naga sharpshooters
  7 shock serpents
  A satyr (Shoals:5)
  5 sun demons
  4 spriggan berserkers
  4 hell hogs (Abyss:1)
  2 spriggans (Depths:5)
  2 fire crabs (Vaults:4)
  2 ice devils (Depths:3)
  13 deep elf knights
  3 soul eaters (Depths:3)
  4 wretched stars (Abyss:1)
  10 hell knights
  19 sea snakes
  13 skeletal warriors
  A spatial maelstrom (Abyss:2)
  2 shadow wraiths
  4 iron trolls
  A salamander mystic (Depths:2)
  14 ironbrand convokers
  3 deep elf summoners
  An ice statue (Depths:3)
  A deep troll (shapeshifter) (Depths:4)
  25 deep trolls
  6 naga ritualists
  An unseen horror (D:14)
  Pikel (D:4)
  A flayed ghost (Vaults:1)
  5 hill giants
  4 giant orange brains
  2 phantasmal warriors (Depths:1)
  7 deep elf conjurers
  2 wolf spiders
  7 necromancers
  17 orc knights
  2 ugly thing zombies (Depths:2)
  A fire giant zombie (Vaults:4)
  2 sixfirhies (Abyss:1)
  10 mana vipers
  9 griffons
  7 manticores
  A stone giant zombie (Vaults:3)
  10 fauns
  A shadow dragon skeleton (Vaults:4)
  An oklob plant (Shoals:4)
  A griffon (shapeshifter) (Depths:3)
  A tengu skeleton (Vaults:2)
  5 cyclopes
  31 harpies
  41 ugly things
  A hornet (Vaults:2)
  A guardian serpent (Snake:3)
  A sphinx skeleton (Vaults:2)
  46 black mambas
  8 water nymphs
  An orc sorcerer (Vaults:4)
  2 worldbinders (Abyss:1)
  7 salamanders
  12 elephants
  A stone giant skeleton (Vaults:2)
  Maurice (D:13)
  14 sirens
  2 toenail golems (Volcano)
  A drowned soul (Shoals:3)
  2 orange demons (Depths:1)
  10 large abominations
  8 rust devils
  A torpor snail (Lair:8)
  5 smoke demons (Abyss:1)
  An efreet (D:15)
  13 vault sentinels
  A molten gargoyle (Volcano)
  2 gargoyles
  A dire elephant skeleton (Depths:2)
  A yaktaur (shapeshifter) (Depths:1)
  14 naga magi
  60 yaktaurs
  3 demonic crawlers
  2 deep elf priests
  An ancient zyme (Abyss:1)
  6 spiny frogs
  2 kobold demonologists
  An elf (shapeshifter) (Depths:3)
  3 fire drakes
  4 human skeletons
  A hellwing (Depths:1)
  2 blue devils (Depths:3)
  3 red devils
  3 tengu conjurers (Depths:2)
  7 komodo dragons
  A silent spectre (Abyss:1)
  A harpy zombie (Abyss:1)
  18 blink frogs
  8 freezing wraiths
  A jumping spider (Vaults:2)
  27 merfolk
  6 trolls
  A wandering mushroom (Abyss:2)
  A slime creature (shapeshifter) (Vaults:5)
  Grinder (D:5)
  A hydra skeleton (Abyss:1)
  3 polar bears
  3 wind drakes
  A boulder beetle (Lair:8)
  A jumping spider (shapeshifter) (Depths:3)
  5 ravens (Depths:2)
  A raiju (Abyss:1)
  8 snapping turtles
  31 two-headed ogres
  5 shadows
  A basilisk (D:15)
  3 ettin skeletons
  A trapdoor spider (D:13)
  9 wraiths
  28 slime creatures
  10 flying skulls
  11 water elementals
  A tarantella (Vaults:3)
  A centaur simulacrum (D:13)
  A redback (shapeshifter) (Depths:3)
  15 redbacks
  2 air elementals (Depths:4)
  A vampire (Depths:1)
  6 ynoxinuls
  A dire elephant simulacrum (Abyss:1)
  8 deep elf magi
  2 wyverns
  85 yaks
  3 fire elementals
  Grum (D:8)
  58 nagas
  4 chaos spawn (Abyss:1)
  27 deep elf fighters
  5 insubstantial wisps (Abyss:2)
  8 hippogriffs
  2 neqoxecs (Abyss:1)
  A mottled dragon (shapeshifter) (Vaults:3)
  15 vampire mosquitoes
  2 steam dragons
  3 mottled dragons
  Edmund (D:5)
  2 spatial vortices (Abyss:2)
  8 wolves
  8 wargs
  A hornet simulacrum (Vaults:1)
  12 porcupines
  A deep troll skeleton (Vaults:3)
  5 necrophages
  37 water moccasins
  12 hell hounds
  3 phantoms
  3 wasps
  5 sky beasts
  A trapdoor spider simulacrum (D:14)
  10 boggarts
  An orc zombie (Vaults:4)
  9 ice beasts
  49 ogres
  27 orc warriors
  An orc skeleton (Vaults:2)
  13 crocodiles
  27 centaurs
  3 boring beetles
  Sigmund (D:4)
  Duvessa (D:7)
  Blork the orc (D:4)
  A human zombie (Vaults:3)
  17 giant frogs
  4 big kobolds
  3 yaktaur skeletons
  A wyvern zombie (D:10)
  12 jellies
  11 killer bees
  A scorpion (D:12)
  11 small abominations
  22 wights
  12 crimson imps
  3 goliath beetles
  Dowan (D:7)
  3 centaur zombies
  A giant frog zombie (D:12)
  2 quasits
  A two-headed ogre zombie (Vaults:4)
  A wasp zombie (D:12)
  3 giant frog skeletons
  5 hell rats
  8 iguanas
  22 orc priests
  A gnoll shaman (D:6)
  5 iron imps
  32 orc wizards
  4 centaur skeletons
  11 hounds
  14 worker ants
  2 killer bee zombies
  6 sheep
  A hound skeleton (D:10)
  4 mummies
  13 gnolls
  21 adders
  46 river rats
  A worker ant zombie (D:10)
  6 white imps
  2 shadow imps
  2 worms (shapeshifter)
  2 worms
  An ufetubus (D:13)
  An adder zombie (D:8)
  6 giant geckos
  184 orcs
  25 bats
  3 bat zombies
  3 giant cockroaches
  20 goblins
  23 hobgoblins
  7 jackals
  An ooze (shapeshifter) (Vaults:3)
  12 quokkas
  2 ball pythons
  7 giant newts
  2 giant spores (D:10)
  A jackal skeleton (D:4)
  A jackal zombie (D:7)
  19 kobolds
  A lurking horror (Abyss:1)
  24 rats
  29 ballistomycetes (D:10)
  A bush (D:7)
  2 crawling corpses (Depths:3)
  8 fungi (Lair:8)
  3 plants
  4 starspawn tentacles (Abyss:1)
2364 creatures vanquished.

Vanquished Creatures (others)
  A sphinx (Vaults:5)
  A storm dragon (Vaults:5)
  An iron dragon (Depths:3)
  A frost giant (Depths:2)
  A draconian scorcher (Depths:5)
  2 vault wardens (Vaults:5)
  An emperor scorpion (Depths:1)
  A war gargoyle (Vaults:5)
  A stone giant (Vaults:5)
  An ettin (Vaults:5)
  3 yaktaur captains
  An ogre mage (Vaults:3)
  A dancing weapon (Vaults:4)
  A deep elf knight (Depths:3)
  A deep troll (Depths:5)
  A wizard (Abyss:1)
  An ugly thing (Depths:2)
  An ironbrand convoker (Vaults:5)
  A manticore (D:13)
  A black mamba (Snake:2)
  An iron dragon simulacrum (Depths:3)
  A redback (Vaults:4)
  A wyvern (D:12)
  A deep elf mage (D:10)
  2 large abominations (Abyss:1)
  Eustachio (D:5)
  A golden eye (Abyss:1)
  An orc warrior (Orc:1)
  2 slaves (D:5)
  An ettin simulacrum (Vaults:1)
  An ogre (Orc:4)
  2 lost souls (Depths:3)
  3 small abominations (Abyss:1)
  A crimson imp (D:5)
  An orc priest (D:12)
  2 orc wizards
  A shadow imp (D:5)
  An adder skeleton (D:5)
  A giant gecko (D:5)
  An ooze (D:5)
  2 orcs
  2 giant spores (D:10)
  5 ballistomycetes (D:10)
  4 crawling corpses (Depths:3)
  11 fungi
  6 plants
  11 starspawn tentacles (Abyss:1)
  8 starspawn tentacle segments (Abyss:1)
  4 tentacles (Shoals:4)
  93 tentacle segments (Shoals:4)
195 creatures vanquished.

Grand Total: 2559 creatures vanquished
